 Dungeon Crawl Stone Soup version 0.31-a0-1074-g0b22e4e (webtiles) character file.

Game seed: 3553965645864181355

20185800 DevouringOne the Sabretooth (level 27, 174/174 HPs)
             Began as a Felid Shapeshifter on Nov 26, 2023.
             Was an Initiate of Gozag.
             Escaped with the Orb
             ... and 15 runes!
             The game lasted 02:56:20 (75516 turns).

DevouringOne the Sabretooth (Felid Shapeshifter)   Turns: 75516, Time: 02:56:20

Health: 174/174    AC: 38    Str: 10    XL:     27
Magic:  49/49      EV: 58    Int: 13    God:    Gozag
Gold:   362        SH:  5    Dex: 28    Spells: 80/80 levels left
                                        Lives:  2   Deaths: 7

rFire   + +          .
                       - Unarmed
rCold   + + +        (shield unavailable)
rNeg    + + +        (body armour unavailable)
rPois   ∞            (helmet unavailable)
rElec   +            (cloak unavailable)
rCorr   .            (gloves unavailable)
SInv    +            (boots unavailable)
Will    +++..        v - amulet "Jaofost" {Reflect rF+ SH+5 SInv}
Stlth   ++++         y - ring "Bewin" {rF+ rC+}
HPRegen 0.49/turn    J - ring "Xaschehil" {rC++ rN++ Will- EV+5}
MPRegen 0.31/turn

%: reflection
@: statue-form, studying Stealth, very slow
A: slow and powerful, torment resistance 1, boosted hp, very small, claws 1,
fangs 3, see invisible, (speed 1), (shaggy fur 3), stealthy paws, no weapons or
thrown items, no armour, multi-lived, (iridescent scales 1), deterioration 1,
frail 1, low MP 1, wild magic 1
0: Orb of Zot
}: 15/15 runes: serpentine, barnacled, slimy, silver, golden, iron, obsidian,
icy, bone, abyssal, demonic, glowing, magical, fiery, dark
a: Begin Untransformation, Renounce Religion, Potion Petition, Call Merchant,
Bribe Branch


You escaped.
You worshipped Gozag.
Gozag was aware of your devotion.
You were a living statue of rough stone.
You visited 18 branches of the dungeon, and saw 86 of its levels.
You visited Pandemonium 2 times, and saw 15 of its levels.
You visited the Abyss 2 times.
You visited 2 ziggurats, and saw 19 of their levels (deepest: 10).
You also visited: Bailey and Gauntlet.

You collected 48855 gold pieces.
You spent 4597 gold pieces at shops.
You paid 43896 gold pieces to Gozag.

Inventory:

Jewellery
 b - an amulet of regeneration
 f - the ring "Beklejio" {Fly rC+ Str+4 Int-3 SInv}
   (You bought it in a shop on level 12 of the Dungeon)

   [ring of protection from cold]

   Str+4:     It affects your strength (+4).
   Int-3:     It affects your intelligence (-3).
   rC+:       It protects you from cold.
   SInv:      It lets you see invisible.
   Fly:       It grants you flight.
 m - the ring of the King {rN++ rCorr EV+5 Int+3 Stlth+}
   (You found it in a Gauntlet)

   [ring of evasion]

   EV+5:      It affects your evasion (+5).
   Int+3:     It affects your intelligence (+3).
   rN++:      It greatly protects you from negative energy.
   rCorr:     It protects you from acid and corrosion.
   Stlth+:    It makes you more stealthy.
 v - the amulet "Jaofost" (around neck) {Reflect rF+ SH+5 SInv}
   (You found it on level 8 of a ziggurat)

   [amulet of reflection]

   Reflect:   It reflects blocked missile attacks.
   rF+:       It protects you from fire.
   SInv:      It lets you see invisible.
   SH+5:      It affects your SH (+5).
 y - the ring "Bewin" (left paw) {rF+ rC+}
   (You found it on level 5 of the Pits of Slime)

   [ring of protection from fire]

   rF+:       It protects you from fire.
   rC+:       It protects you from cold.
 J - the ring "Xaschehil" (right paw) {rC++ rN++ Will- EV+5}
   (You found it on level 4 of a ziggurat)

   [ring of evasion]

   EV+5:      It affects your evasion (+5).
   rC++:      It greatly protects you from cold.
   rN++:      It greatly protects you from negative energy.
   Will-:     It decreases your willpower.
 S - a ring of flight
Talismans
 A - a granite talisman (active)
Wands
 h - a wand of polymorph (24)
 i - a wand of digging (5)
 l - a wand of mindburst (38)
 q - a wand of paralysis (71)
 z - a wand of iceblast (46)
 G - a wand of flame (107)
 R - a wand of acid (39)
Scrolls
 c - 7 scrolls of poison
 n - 9 scrolls of vulnerability
 o - 6 scrolls of noise
 r - 18 scrolls of teleportation
 B - a scroll of fog
 C - 10 scrolls of amnesia
 D - 3 scrolls of torment
 N - 5 scrolls of fear
 Q - 3 scrolls of immolation
 T - a scroll of silence
Potions
 a - a potion of haste
 d - a potion of invisibility
 e - a potion of resistance
 g - 9 potions of lignification
 j - 4 potions of enlightenment
 k - a potion of attraction
 p - 4 potions of heal wounds
 u - 16 potions of curing
 w - 7 potions of magic
 H - a potion of mutation
 I - 5 potions of berserk rage
 K - 3 potions of ambrosia
 M - a potion of might
 P - 2 potions of brilliance
 V - 6 potions of cancellation
Miscellaneous
 s - a lightning rod (4/4)
 t - a phantom mirror
 x - a sack of spiders
 E - a phial of floods
 L - a tin of tremorstones (2/2)


   Skills:
 O Level 27 Fighting
 O Level 27 Dodging
 O Level 27 Stealth
 O Level 27 Unarmed Combat
 O Level 27 Spellcasting
 - Level 2.0 Summonings
 + Level 15.0 Air Magic
 O Level 27 Shapeshifting


You had 80 spell levels left.
You didn't know any spells.
Your spell library contained the following spells:

 Spells                   Type           Power      Damage    Failure   Level
 Shock                    Conj/Air       100%       1d9       1%          1
 Summon Small Mammal      Summ           100%       N/A       1%          1
 Cigotuvi's Dreadful Rot  Necr/Pois/Air  78%        N/A       1%          2
 Poisonous Vapours        Pois/Air       96%        N/A       1%          2
 Static Discharge         Conj/Air       96%        3-7/arc   1%          2
 Swiftness                Air            65%        N/A       1%          3
 Airstrike                Air            32%        2d(5-21)  1%          4
 Summon Lightning Spire   Summ/Air       51%        N/A       1%          4
 Vhi's Electric Charge    Tloc/Air       96%        N/A       1%          4
 Apportation              Tloc           44%        N/A       3%          1
 Freeze                   Ice            88%        1d9       3%          1
 Kiss of Death            Conj/Necr      88%        2d12      3%          1
 Necrotise                Necr           88%        1d8       3%          1
 Sandblast                Erth           44%        2d11      3%          1
 Slow                     Hex            88%        N/A       3%          1
 Sting                    Tmut/Pois      88%        1d7       3%          1
 Call Canine Familiar     Summ           29%        N/A       4%          3
 Arcjolt                  Conj/Air       24%        1d34      4%          5
 Silence                  Hex/Air        24%        N/A       4%          5
 Blink                    Tloc           44%        N/A       5%          2
 Jinxbite                 Hex            44%        N/A       5%          2
 Lesser Beckoning         Tloc           44%        N/A       5%          2
 Passwall                 Tmut/Erth      18%        N/A       5%          2
 Wereblood                Tmut           22%        N/A       5%          2
 Summon Guardian Golem    Hex/Summ       26%        N/A       6%          3
 Confusing Touch          Hex            22%        N/A       10%         3
 Dazzling Flash           Conj/Hex       44%        N/A       10%         3
 Frozen Ramparts          Ice            44%        1d7       10%         3
 Gell's Gravitas          Tloc           22%        N/A       10%         3
 Hailstorm                Conj/Ice       22%        3d7       10%         3
 Ignite Poison            Fire/Tmut/Pois 22%        N/A       10%         3
 Inner Flame              Hex/Fire       22%        N/A       10%         3
 Ozocubu's Armour         Ice            22%        N/A       10%         3
 Sigil of Binding         Hex            22%        N/A       10%         3
 Stone Arrow              Conj/Erth      44%        3d9       10%         3
 Teleport Other           Tloc           22%        N/A       10%         3
 Tukima's Dance           Hex            22%        N/A       10%         3
 Vampiric Draining        Necr           22%        2d7       10%         3
 Volatile Blastmotes      Fire/Tloc      44%        2d13      10%         3
 Freezing Cloud           Conj/Ice/Air   19%        6-21      11%         5
 Summon Ice Beast         Ice/Summ       26%        N/A       19%         4
 Conjure Ball Lightning   Conj/Air       24%        3x3d7     21%         6
 Brom's Barrelling Bould  Conj/Erth      22%        2d4       26%         4
 Cause Fear               Hex            11%        N/A       26%         4
 Dispel Undead            Necr           22%        3d12      26%         4
 Flame Wave               Conj/Fire      22%        2d8       26%         4
 Fulminant Prism          Conj/Hex       11%        3d8       26%         4
 Iskenderun's Mystic Bla  Conj/Tloc      22%        2d6       26%         4
 Leda's Liquefaction      Hex/Erth       11%        N/A       26%         4
 Manifold Assault         Tloc           22%        N/A       26%         4
 Olgreb's Toxic Radiance  Pois           22%        N/A       26%         4
 Passage of Golubria      Tloc           22%        N/A       26%         4
 Petrify                  Tmut/Erth      22%        N/A       26%         4
 Sticky Flame             Conj/Fire      22%        2d4       26%         4
 Maxwell's Capacitive Co  Air            32%        ∞         34%         8
 Summon Forest            Summ/Tloc      13%        N/A       43%         5
 Summon Mana Viper        Hex/Summ       26%        N/A       43%         5
 Agony                    Necr           22%        N/A       56%         5
 Alistair's Intoxication  Tmut/Pois      14%        N/A       56%         5
 Borgnjor's Vile Clutch   Necr/Erth      11%        N/A       56%         5
 Fireball                 Conj/Fire      11%        3d7       56%         5
 Irradiate                Conj/Tmut      11%        3d15      56%         5
 Iskenderun's Battlesphe  Conj           22%        2d8       56%         5
 Lee's Rapid Deconstruct  Erth           11%        3d8*      56%         5
 Metabolic Englaciation   Hex/Ice        11%        N/A       56%         5
 Yara's Violent Unravell  Hex/Tmut       11%        3d6       56%         5
 Summon Cactus Giant      Summ           14%        N/A       85%         6
 Bombard                  Conj/Erth      11%        9d3       98%         6
 Death Channel            Necr           11%        N/A       98%         6
 Dispersal                Tloc           11%        N/A       98%         6
 Eringya's Noxious Bog    Tmut/Pois      11%        4d6       98%         6
 Starburst                Conj/Fire      11%        6d5       98%         6
 Enfeeble                 Hex            11%        N/A       100%        7
 Haunt                    Necr/Summ      13%        N/A       100%        7
 Orb of Destruction       Conj           11%        9d6       100%        7
 Ozocubu's Refrigeration  Ice            11%        4d9       100%        7
 Spellforged Servitor     Conj/Summ      13%        N/A       100%        7
 Summon Hydra             Summ           14%        N/A       100%        7
 Borgnjor's Revivificati  Necr           11%        N/A       100%        8
 Discord                  Hex            11%        N/A       100%        8
 Ignition                 Fire           11%        3d5       100%        8
 Infestation              Necr           11%        N/A       100%        8
 Death's Door             Necr           11%        N/A       100%        9
 Dragon's Call            Summ           14%        N/A       100%        9
 Polar Vortex             Ice            11%        12d1*     100%        9
 Sublimation of Blood     Necr           Unusable   N/A       N/A         2
 Animate Armour           Summ/Erth      Unusable   N/A       N/A         4
 Animate Dead             Necr           Unusable   N/A       N/A         4
 Dimensional Bullseye     Hex/Tloc       Unusable   N/A       N/A         4
 Simulacrum               Ice/Necr       Unusable   N/A       N/A         6

Dungeon Overview and Level Annotations

Branches:
Dungeon (15/15)            Temple (1/1) D:4            Lair (5/5) D:8
 Shoals (4/4) Lair:2        Snake (4/4) Lair:3        Slime (5/5) Lair:4
    Orc (2/2) D:11            Elf (3/3) Orc:2        Vaults (5/5) D:14
  Crypt (3/3) Vaults:2       Tomb (3/3) Crypt:3      Depths (4/4) D:15
   Hell (visited)             Dis (7/7) Hell            Geh (7/7) Hell
    Coc (7/7) Hell            Tar (7/7) Hell            Zot (5/5) Depths:4
 Bailey (visited)         Gauntlet (visited)

Altars:
Ashenzari
Cheibriados
Dithmenos
Elyvilon
Fedhas
Gozag
Hepliaklqana
Kikubaaqudgha
Makhleb
Nemelex Xobeh
Okawaru
Qazlal
Ru
Sif Muna
Trog
Uskayaw
Vehumet
Wu Jian
Xom
Yredelemnul
Zin
The Shining One
Jiyva
Lugonu

Shops:
D:9 [   D:10 **(*   D:11 !=   D:12 =   D:14 (   Orc:2 =[*(   Elf:3 =   Lair:1 ?
Lair:2 =   Lair:4 !   Snake:4 **   Vaults:1 ==(   Vaults:3 ((?*?
Vaults:5 !??(   Tar:7 =   Depths:1 ?!?=   Depths:3 ::=

Portals:
Hell: Depths:1 Depths:2 Depths:3 Depths:4
Abyss: Depths:1 Depths:3
Pandemonium: Depths:1 Depths:2 Depths:3

Annotations:
D:3 Pargi
D:4 2 runed translucent doors, Agrajag's ghost, novice OpSh
D:9 4 transporters
D:14 1 runed translucent door
Orc:1 1 runed translucent door, oops's ghost, journeyman FeSh
Elf:2 3 runed translucent doors
Coc:7 exclusion: ice statue


Innate Abilities, Weirdness & Mutations

You are a living statue of rough stone.
Your actions are slow, but your melee attacks are powerful.
You are resistant to unholy torment.
Your maximum health is greatly increased.
You are immune to poison.
You have sharp claws.
You have razor-sharp teeth.
You have supernaturally acute eyesight. (SInv)
((You cover ground quickly. (Speed+)))
((Your thick and shaggy fur keeps you warm. (AC +3, rC+)))
Your paws help you pounce on unaware monsters.
You are incapable of wielding weapons or throwing items.
You cannot wear armour.
You gain extra lives every three experience levels.
((You are partially covered in iridescent scales. (AC +2)))
Your body sometimes deteriorates upon taking damage.
You are frail. (-10% HP)
Your magical capacity is low. (-10% MP)
Your spells are a little harder to cast, but a little more powerful.


Message History

As you read the scroll of teleportation, it crumbles to dust.
You feel strangely unstable.
You feel the Orb delaying your translocation!
You start waiting.
Your surroundings suddenly seem different.
As you read the scroll of teleportation, it crumbles to dust.
You feel strangely unstable.
You feel the Orb delaying your translocation!
You start waiting.
Your surroundings suddenly seem different.
As you read the scroll of teleportation, it crumbles to dust.
You feel strangely unstable.
You feel the Orb delaying your translocation!
You start waiting.
Your surroundings suddenly seem different.
Blink to where?
Press: ? - help, Q - select action, (/) - cycle Dir - move target
As you read the scroll of blinking, it crumbles to dust.
Aiming: Dig
Press: ? - help, Q - select action, (/) - cycle Shift-Dir - straight line You can't see that place. [a rock wall.]
The rock shatters into small pieces.
Blink to where?
Press: ? - help, Q - select action, (/) - cycle Dir - move target
As you read the scroll of blinking, it crumbles to dust.
Blink to where?
Press: ? - help, Q - select action, (/) - cycle Dir - move target
As you read the scroll of blinking, it crumbles to dust.
Blink to where?
Press: ? - help, Q - select action, (/) - cycle Dir - move target
As you read the scroll of blinking, it crumbles to dust.
Blink to where?
Press: ? - help, Q - select action, (/) - cycle Dir - move target
As you read the scroll of blinking, it crumbles to dust.
Blink to where?
Press: ? - help, Q - select action, (/) - cycle Dir - move target
As you read the scroll of blinking, it crumbles to dust.
There is a staircase leading out of the dungeon here.
You have escaped!

≈≈≈~.§..♣# #..# #.####
≈≈~~....♣# #..######.#
≈~~.....P# #.........#
≈~.......# #.###...###
~≈~~....P# #.##.....#
≈≈~.....♣######
####.....#
≈≈~......♣P.P.♣
#.....#
≈~~~.....§....♣♣♣♣
##...######
≈≈~....P.♣.....♣8♣
#..........
≈≈≈≈............P♣
##...######
≈≈≈≈~............♣
##.##
≈≈≈≈~~...........♣ ###
≈≈≈≈≈~≈≈~..~≈..♣♣♣♣
≈≈≈≈≈≈≈≈~≈≈≈≈≈~≈≈≈♣
≈≈≈≈≈≈≈≈≈≈≈≈≈≈≈≈≈≈♣
≈≈≈≈≈≈≈≈≈≈≈≈≈≈≈≈≈≈≈≈≈♣
######################


There were no monsters in sight!

Vanquished Creatures
  Cerebov (Pan)
  Antaeus (Coc:7)
  Asmodeus (Geh:7)
  the Royal Jelly (Slime:5)
  Ereshkigal (Tar:7)
  Gloorx Vloq (Pan)
  Ignacio (Pan)
  the Serpent of Hell (Coc:7)
  Dissolution (Slime:3)
  Lom Lobon (Pan)
  5 dread liches
  Mnoleg (Pan)
  Khufu (Crypt:3)
  3 ancient liches
  An orb of fire (Zot:5)
  Dispater (Dis:7)
  Mennas (Pan)
  A juggernaut (Dis:7)
  10 royal mummies
  Josephina (Crypt:3)
  Boris (Crypt:3)
  A Killer Klown (Zot:4)
  3 shard shrikes (Coc:6)
  27 caustic shrikes
  Geryon (Hell)
  7 golden dragons
  Nikola (Snake:3)
  15 profane servitors
  6 doom hounds
  Norris (Depths:3)
  6 pandemonium lords
  14 bone dragons
  10 Tzitzimimeh
  An electric golem (Zot:5)
  4 iron giants
  14 tentacled monstrosities
  16 Brimstone Fiends
  4 spectral shard shrikes
  18 tainted leviathans
  11 Hell Sentinels
  16 hellephants
  22 Ice Fiends
  Rupert (D:12)
  4 deep elf blademasters
  9 Orb Guardians
  9 liches
  26 searing wretches
  18 titans
  2 deep elf master archers
  9 tentacled starspawn
  3 quicksilver dragons
  17 acid blobs
  9 sphinxes
  16 ancient champions
  A death cob (Zot:4)
  Polyphemus (Shoals:3)
  24 Executioners
  Gastronok (D:11)
  Aizul (Snake:1)
  3 storm dragons
  3 draconian monks
  A thorn hunter (Zig:8)
  An azure jelly (shapeshifter) (Vaults:5)
  3 revenants
  9 nagarajas
  Roxanne (Elf:1)
  13 azure jellies
  7 shadow dragons
  4 draconian knights
  22 frost giants
  A demonspawn warmonger (Pan)
  11 tengu reavers
  19 narguns
  5 iron dragons
  2 daevas
  2 fenstrider witches (Zig:8)
  16 fire giants
  14 rockslimes
  9 quicksilver elementals
  A spectral juggernaut (Tar:4)
  5 deep elf sorcerers
  40 balrugs
  11 vault wardens
  3 ghost moths
  6 shard shrike simulacra
  8 ghouls
  4 draconian shifters
  5 curse skulls
  7 spectral caustic shrikes
  2 deep elf elementalists (Elf:3)
  An orc warlord (Orc:2)
  3 draconian stormcallers
  7 ironbound preservers
  2 spriggan defenders (Depths:2)
  17 war gargoyles
  An angel (Abyss:4)
  21 cacodemons
  4 demonspawn blood saints (Pan)
  26 very ugly things
  6 quicksilver oozes
  4 draconian annihilators
  3 demonspawn corrupters (Pan)
  2 formless jellyfish
  14 reapers
  2 caustic shrike skeletons
  A quicksilver ooze (shapeshifter) (Vaults:5)
  9 green draconians
  22 stone giants
  10 ironbound thunderhulks
  11 putrid mouths
  5 vampire knights
  16 deep elf annihilators
  Azrael (Orc:2)
  3 purple draconians
  5 black draconians
  12 red draconians
  5 demonspawn black suns (Pan)
  8 bennus
  7 deep elf demonologists
  19 elemental wellsprings
  11 wendigos
  A minotaur (shapeshifter) (Vaults:5)
  8 white draconians
  2 spectral titans
  A bunyip (Zig:8)
  37 starcursed masses
  8 spark wasps
  8 yellow draconians
  5 lorocyprocas
  13 dire elephants
  Snorg (Lair:2)
  14 iron golems
  3 spectral quicksilver dragons
  23 blizzard demons
  11 mummy priests
  12 jiangshi
  2 spectral krakens (Tar:7)
  8 eidola
  8 deep elf death magi
  9 merfolk javelineers
  12 green deaths
  6 entropy weavers
  15 ettins
  10 fire dragons
  5 merfolk impalers
  A fenstrider witch zombie (Tomb:1)
  44 vault guards
  6 deep elf high priests
  13 great orbs of eyes
  3 spriggan zombies
  8 ice dragons
  A spectral spriggan (Tar:3)
  13 yaktaur captains
  A spectral shadow dragon (Tar:2)
  9 rakshasas
  An ice dragon (shapeshifter) (D:13)
  9 caustic shrike simulacra
  4 spriggan air magi
  10 hydras
  2 ogre magi
  4 catoblepae
  7 hell beasts
  8 ironbound frosthearts
  16 anacondas
  9 salamander tyrants
  11 centaur warriors
  9 juggernaut simulacra
  An alligator snapping turtle (Shoals:4)
  3 merfolk avatars
  11 stokers
  2 death knights
  20 death scarabs (Tomb:1)
  4 tengu warriors
  13 naga warriors
  A two-headed ogre (shapeshifter) (Zig:9)
  9 deep troll shamans
  2 merfolk aquamancers
  4 satyrs
  12 thrashing horrors
  6 boulder beetles
  9 deep troll earth magi
  7 two-headed ogres
  4 demonic crawlers
  3 spectral dire elephants
  14 death yaks
  27 hell hogs
  16 dancing weapons
  An orc high priest (Orc:2)
  7 spriggan berserkers
  9 naga sharpshooters
  22 soul eaters
  Urug (Lair:2)
  2 occultists
  11 vampire magi
  7 shock serpents
  6 skysharks
  A spectral emperor scorpion (Tar:1)
  Amaemon (Lair:2)
  13 deep elf knights
  3 crystal echidnas
  24 shadow wraiths
  12 iron trolls
  54 sun demons
  14 wretched stars
  25 hell knights
  3 spatial maelstroms
  28 sixfirhies
  6 salamander mystics
  2 storm dragon skeletons
  3 obsidian statues (Zig:6)
  3 titan skeletons
  3 goliath frogs
  A spark wasp zombie (Depths:1)
  A spectral anaconda (Tar:3)
  42 skeletal warriors
  13 sea snakes
  5 quicksilver dragon simulacra
  2 anaconda zombies (Hell)
  12 arcanists
  2 spriggan druids
  9 glowing orange brains
  4 flayed ghosts
  An orb spider (Abyss:3)
  2 kraken simulacra (Coc:7)
  12 lindwurms
  43 deep trolls
  6 swamp dragons
  2 bog bodies (Crypt:2)
  13 ironbound convokers
  2 shadow demons (Pan)
  2 orange crystal statues
  14 necromancers
  9 phantasmal warriors
  Pikel (D:9)
  17 harpies
  A bunyip skeleton (Pan)
  An anaconda skeleton (Tomb:1)
  43 large abominations
  3 naga ritualists
  2 spectral ettins
  11 deep elf archers
  10 mana vipers
  20 deep elf zephyrmancers
  A lindwurm (shapeshifter) (Vaults:5)
  6 orc knights
  22 deep elf pyromancers
  3 orc sorcerers
  12 manticores
  15 fauns
  An eleionoma zombie (Crypt:1)
  2 will-o-the-wisps
  A frost giant zombie (Depths:1)
  39 ugly things
  17 moths of wrath
  A spectral centaur (Tar:1)
  15 salamanders
  A shadow dragon skeleton (Pan)
  17 cyclopes
  9 shining eyes
  An alligator skeleton (Hell)
  A fire giant zombie (Depths:1)
  3 worldbinders
  A centaur zombie (Tomb:1)
  7 ice statues
  An apocalypse crab (Abyss:4)
  4 torpor snails
  5 eyes of devastation
  A guardian serpent (shapeshifter) (Elf:2)
  5 rust devils
  31 elephants
  12 merfolk sirens
  4 guardian serpents
  15 vault sentinels
  27 orange demons
  Joseph (D:10)
  3 titan simulacra
  4 molten gargoyles
  38 smoke demons
  10 cane toads
  16 naga magi
  A storm dragon simulacrum (Crypt:2)
  3 unseen horrors
  A gargoyle (D:12)
  39 black mambas
  3 centaur skeletons
  Maggie (D:6)
  2 spectral swamp worms (Tar:7)
  A cane toad (shapeshifter) (D:14)
  17 yaktaurs
  13 hellions
  A dire elephant skeleton (Pan)
  A sea snake zombie (Hell)
  4 rime drakes
  A white draconian zombie (Crypt:3)
  An anaconda simulacrum (Coc:5)
  3 kobold demonologists
  6 tengu conjurers
  6 ancient zymes
  22 tormentors
  An unseen horror zombie (Crypt:1)
  14 komodo dragons
  9 efreet
  2 alligator snapping turtle skeletons (Crypt:3)
  4 iron giant simulacra
  2 bunyip simulacra
  A red draconian skeleton (Crypt:2)
  23 guardian mummies
  6 ice devils
  A minotaur skeleton (Crypt:3)
  A burning bush (Lair:3)
  6 red devils
  A tyrant leech (Zig:8)
  A harpy zombie (Tomb:1)
  23 merfolk
  A death drake zombie (Crypt:2)
  20 hellwings
  3 golden dragon simulacra
  A hydra zombie (Hell)
  3 meliai (Gauntlet)
  23 freezing wraiths
  A shadow dragon simulacrum (Crypt:2)
  7 trolls
  2 spectral harpies
  A harpy skeleton (Pan)
  An iron troll skeleton (Crypt:3)
  A glass eye (shapeshifter) (Elf:1)
  An iron dragon simulacrum (Crypt:2)
  5 wind drakes
  5 polar bears
  28 raiju
  A guardian serpent zombie (Crypt:1)
  5 hornets
  A radroach zombie (Crypt:3)
  2 hydra skeletons
  A boulder beetle zombie (Crypt:1)
  A fire dragon zombie (Tomb:2)
  A death drake skeleton (Crypt:2)
  15 dream sheep
  30 blink frogs
  2 stone giant simulacra
  7 glass eyes
  8 snapping turtles
  A spectral swamp dragon (Tar:1)
  An ettin skeleton (Crypt:3)
  86 slime creatures
  A spriggan (shapeshifter) (Zig:9)
  A jumping spider (Vaults:2)
  3 centaur simulacra (Crypt:2)
  23 flying skulls
  2 air elementals (Elf:1)
  Sigmund (D:2)
  A satyr skeleton (Crypt:2)
  A shadow (D:10)
  3 ushabtiu
  2 vampires
  12 wraiths
  3 spriggans
  5 fire elementals
  23 ynoxinuls
  4 wyverns
  3 dire elephant simulacra
  A human (D:14)
  11 water elementals
  34 yaks
  18 chaos spawn
  Grum (D:8)
  A redback (shapeshifter) (Vaults:5)
  11 vampire mosquitoes
  A steam dragon (D:7)
  A minotaur simulacrum (Crypt:2)
  6 golden eyes (Slime:3)
  6 redbacks
  5 basilisks
  31 neqoxecs
  2 wargs
  13 small abominations
  38 nagas
  4 acid dragons
  4 spatial vortices (Abyss:4)
  4 swamp worms (Lair:4)
  13 harpy simulacra
  15 water moccasins
  3 hydra simulacra
  9 hell hounds
  Duvessa (D:6)
  2 naga skeletons
  2 sky beasts
  An ice dragon simulacrum (Crypt:2)
  3 ettin simulacra
  A black bear (D:8)
  14 ogres
  2 black mamba simulacra (Crypt:2)
  35 orc warriors
  6 spriggan simulacra
  2 swamp dragon skeletons
  23 wolves
  2 centaurs (D:7)
  4 lemures (D:9)
  A phantom (D:6)
  A yaktaur zombie (Crypt:2)
  6 kobold brigands
  7 earth elementals
  2 elf zombies
  17 bullfrogs
  6 necrophages
  A cyclops zombie (Crypt:2)
  A wyvern zombie (Crypt:1)
  2 scorpions
  5 naga simulacra
  14 wights
  Dowan (D:6)
  7 spriggan skeletons
  2 electric eels (Lair:2)
  2 howler monkeys
  A troll skeleton (D:11)
  4 crimson imps (Pan)
  A black bear zombie (Crypt:1)
  2 quasits (Abyss:3)
  5 hounds
  A jelly (D:4)
  10 orc priests
  A basilisk skeleton (Crypt:3)
  An iguana (D:6)
  9 orc wizards
  3 sleepcaps
  12 hell rats
  A deep dwarf zombie (Crypt:2)
  A tengu skeleton (Crypt:2)
  24 mummies
  6 adders
  4 gnolls (D:5)
  2 shadow imps
  4 white imps
  4 ufetubi
  A worm (D:4)
  72 orcs
  6 ball pythons
  4 endoplasms
  6 giant cockroaches
  A hobgoblin (D:1)
  5 quokkas
  2 bats
  3 frilled lizards
  A gnoll skeleton (Crypt:3)
  7 goblins
  A jackal skeleton (Crypt:1)
  25 kobolds
  5 rats
  A river rat skeleton (Crypt:3)
  A butterfly (Lair:4)
  2 creeping infernos
  2 lurking horrors (Abyss:4)
  7 starspawn tentacles
3606 creatures vanquished.

Vanquished Creatures (collateral kills)
  A caustic shrike (Dis:7)
  An iron giant (Dis:7)
  2 Hell Sentinels (Dis:7)
  A deep elf master archer (Elf:3)
  A death cob (Zot:5)
  A storm dragon (Zot:5)
  A quicksilver elemental (Dis:7)
  A green draconian (Zot:5)
  A deep elf annihilator (Elf:3)
  2 iron golems (Dis:7)
  A mummy priest (Tomb:2)
  An alligator snapping turtle (Shoals:4)
  2 death scarabs (Tomb:3)
  A merfolk (Shoals:4)
  A snapping turtle (Shoals:4)
  2 ushabtiu
  A water moccasin (Lair:1)
  10 mummies
31 creatures vanquished.

Vanquished Creatures (others)
  A dread lich (Zot:5)
  An orb of fire (Zot:5)
  3 ancient liches (Zot:5)
  21 royal mummies
  4 Killer Klowns (Zot:5)
  A tentacled monstrosity (Zot:5)
  2 quicksilver dragons (Zot:5)
  14 Orb Guardians (Zot:5)
  3 storm dragons (Zot:5)
  A revenant (Crypt:2)
  A draconian monk (Zot:5)
  A draconian scorcher (Zot:5)
  A vault warden (Vaults:5)
  2 draconian annihilators (Zot:5)
  A deep elf annihilator (Pan)
  2 yellow draconians (Zot:5)
  A white draconian (Zot:5)
  A green draconian (Zot:5)
  2 purple draconians (Zot:5)
  4 bennus
  A blizzard demon (Pan)
  An ettin (Depths:1)
  6 mummy priests (Tomb:3)
  2 rakshasas (Pan)
  2 caustic shrike simulacra (Coc:7)
  2 juggernaut simulacra
  2 death scarabs (Tomb:3)
  A sixfirhy (Pan)
  4 skeletal warriors
  A spriggan simulacrum (Coc:2)
  A harpy (Shoals:4)
  A smoke demon (Pan)
  A moth of wrath (Zot:5)
  2 large abominations
  A freezing wraith (Abyss:4)
  19 guardian mummies
  2 hellwings (Pan)
  An ettin zombie (Tomb:3)
  A harpy skeleton (Abyss:4)
  2 flying skulls (Tomb:3)
  An iron dragon simulacrum (Coc:5)
  19 ushabtiu (Tomb:3)
  A water elemental (Elf:1)
  A naga simulacrum (Coc:5)
  2 dire elephant simulacra (Coc:3)
  An alligator snapping turtle simulacrum (Coc:3)
  A neqoxec (Abyss:4)
  3 harpy simulacra (Coc:5)
  A spatial vortex (Abyss:4)
  A small abomination (Abyss:4)
  5 hell rats
  13 mummies
  3 ball lightnings (Pan)
  A fire vortex (Pan)
  14 foxfires
  2 lurking horrors
  28 starspawn tentacles
  4 tentacles (Tar:7)
221 creatures vanquished.

Grand Total: 3858 creatures vanquished

Notes
Turn   | Place    | Note
-------+----------+-------------------------------------------
     0 | D:1      | DevouringOne the Felid Shapeshifter began the quest for the
                  | Orb.
     0 | D:1      | Reached XP level 1. HP: 9/9 MP: 2/2
   149 | D:1      | Reached skill level 1 in Stealth
   281 | D:1      | Reached XP level 2. HP: 12/12 MP: 3/3
   873 | D:2      | Reached XP level 3. HP: 10/16 MP: 4/4
   950 | D:2      | Noticed Sigmund
   969 | D:2      | Killed Sigmund
   970 | D:2      | Reached XP level 4. HP: 16/22 MP: 5/5
   970 | D:2      | Reached XP level 5. HP: 18/25 MP: 6/6
  1732 | D:3      | Found a shadowy altar of Dithmenos.
  1742 | D:3      | Noticed Pargi
  2074 | D:4      | Found a staircase to the Ecumenical Temple.
  2097 | Temple   | Entered the Ecumenical Temple
  2108 | Temple   | Became a worshipper of Gozag Ym Sagoz the Greedy
  2160 | D:4      | Gained mutation: You are covered in thick fur. (AC +2)
                  | [Felid growth]
  2160 | D:4      | Reached XP level 6. HP: 28/28 MP: 7/7
  2160 | D:4      | Found a runed translucent door.
  2168 | D:4      | Noticed Agrajag's ghost (novice OpSh)
  2184 | D:4      | Found a runed translucent door.
  2301 | D:4      | Found a hide-covered altar of Uskayaw.
  2505 | D:5      | Entered Level 5 of the Dungeon
  2794 | D:5      | Gained mutation: You have a pair of small horns on your
                  | head. [potion of mutation]
  2794 | D:5      | Gained mutation: You occasionally lose the ability to read
                  | scrolls when taking damage. [potion of mutation]
  2794 | D:5      | Gained mutation: Your muscles are strong. (Str +4, Int/Dex
                  | -1) [potion of mutation]
  2794 | D:5      | Gained mutation: You are resistant to electric shocks.
                  | (rElec) [potion of mutation]
  2796 | D:5      | Slain by an orc
  2815 | D:5      | Reached skill level 5 in Stealth
  3332 | D:5      | Learned a level 1 spell: Summon Small Mammal
  3439 | D:6      | Reached skill level 1 in Summonings
  3439 | D:6      | Reached XP level 7. HP: 33/33 MP: 8/8
  4089 | D:6      | Noticed Duvessa
  4093 | D:6      | Found a basalt altar of Yredelemnul.
  4093 | D:6      | Found a shimmering blue altar of Sif Muna.
  4103 | D:6      | Found an iron altar of Okawaru.
  4106 | D:6      | Found a sacrificial altar of Ru.
  4108 | D:6      | Found an ancient bone altar of Kikubaaqudgha.
  4127 | D:6      | Noticed Dowan
  4670 | D:6      | Killed Duvessa
  4671 | D:6      | Reached skill level 5 in Fighting
  4671 | D:6      | Reached skill level 5 in Unarmed Combat
  5035 | D:6      | Reached XP level 8. HP: 16/37 MP: 9/9
  5120 | D:6      | Killed Dowan
  5426 | D:6      | Noticed Maggie
  5434 | D:6      | Paralysed by Maggie for 3 turns
  5459 | D:6      | Killed Maggie
  6249 | D:7      | Reached XP level 9. HP: 43/43 MP: 10/10
  6855 | D:8      | Reached skill level 5 in Shapeshifting
  7239 | D:8      | Found a staircase to the Lair.
  7240 | D:8      | Noticed a komodo dragon
  7260 | D:8      | Noticed Grum
  7403 | D:8      | Killed a komodo dragon
  7620 | D:8      | Killed Grum
  7905 | D:9      | Found a transporter.
  7908 | D:9      | Found a transporter.
  7923 | D:9      | Found a sparkling altar of Nemelex Xobeh.
  8010 | D:9      | Noticed Pikel
  8140 | D:9      | Found a glowing silver altar of Zin.
  8208 | D:9      | Reached XP level 10. HP: 30/47 MP: 11/11
  8302 | D:9      | Reached skill level 10 in Shapeshifting
  8670 | D:9      | Found a transporter.
  8750 | D:9      | Found a transporter.
  8798 | D:9      | Found Uwki's Armour Shop.
  8877 | D:9      | Killed Pikel
  9008 | D:10     | Entered Level 10 of the Dungeon
  9012 | D:10     | Found Kyen's Weapon Boutique.
  9078 | D:10     | Found a stormy altar of Qazlal.
  9085 | D:10     | Noticed Joseph
  9140 | D:10     | Found Sebru's Assorted Antiques.
  9151 | D:10     | Bought a scroll of teleportation for 90 gold pieces
  9151 | D:10     | Bought a dented silver amulet for 150 gold pieces
  9151 | D:10     | Bought a potion of heal wounds for 150 gold pieces
  9236 | D:10     | Found a flagged portal.
  9272 | Bailey   | Entered a bailey
  9365 | Bailey   | Noticed an orc knight
  9378 | Bailey   | Noticed an orc knight
  9683 | Bailey   | Killed an orc knight
  9883 | D:10     | Found Qesos's General Store.
  9894 | D:10     | Bought a potion of invisibility for 80 gold pieces
  9894 | D:10     | Bought a wand of paralysis (2) for 48 gold pieces
  9907 | D:10     | Found Xafug's Assorted Antiques.
  9913 | D:10     | Bought a grey potion for 36 gold pieces
  9958 | D:10     | Found a glowing golden altar of the Shining One.
 10016 | D:10     | Killed Joseph
 10139 | D:10     | Reached XP level 11. HP: 42/54 MP: 12/12
 10421 | D:11     | Reached skill level 10 in Fighting
 10480 | D:11     | Reached skill level 10 in Unarmed Combat
 10978 | D:11     | Found a corrupted altar of Lugonu.
 10984 | D:11     | Noticed a sixfirhy
 11120 | D:11     | Found a staircase to the Orcish Mines.
 11308 | D:11     | Noticed a sun demon
 11396 | D:11     | Bought a potion of curing for 42 gold pieces
 11396 | D:11     | Bought a potion of curing for 42 gold pieces
 11396 | D:11     | Bought a potion of berserk rage for 70 gold pieces
 11396 | D:11     | Bought a potion of berserk rage for 70 gold pieces
 11396 | D:11     | Bought a potion of curing for 42 gold pieces
 11398 | Orc:1    | Entered Level 1 of the Orcish Mines
 11535 | Orc:2    | Entered Level 2 of the Orcish Mines
 11535 | Orc:2    | Noticed Azrael
 11564 | Orc:2    | Noticed an orc knight
 11569 | Orc:2    | Killed Azrael
 11570 | Orc:2    | Reached skill level 5 in Dodging
 11729 | Orc:2    | Noticed a two-headed ogre
 11770 | Orc:2    | Noticed an orc sorcerer
 11771 | Orc:2    | Noticed an orc knight
 11816 | Orc:2    | Found Waemi's Antique Armour Shoppe.
 11817 | Orc:2    | Noticed an orc knight
 11846 | Orc:2    | Killed an orc knight
 11911 | Orc:2    | Noticed an orc knight
 11936 | Orc:2    | Killed an orc knight
 12019 | Orc:2    | Gained mutation: Your thick and shaggy fur keeps you warm.
                  | (AC +3, rC+) [Felid growth]
 12019 | Orc:2    | Reached XP level 12. HP: 59/59 MP: 13/13
 12081 | Orc:2    | Killed a two-headed ogre
 12132 | Orc:2    | Found a staircase to the Elven Halls.
 12166 | Orc:2    | Noticed an orc warlord
 12189 | Orc:2    | Noticed an orc high priest
 12196 | Orc:2    | Paralysed by an orc sorcerer for 5 turns
 12199 | Orc:2    | Mangled by an orc warrior
 12200 | Orc:2    | Found Nuawn's General Store.
 12226 | Orc:2    | Reached skill level 10 in Stealth
 12371 | Orc:2    | Reached skill level 10 in Dodging
 12657 | Orc:2    | Bought a potion of haste for 130 gold pieces
 12657 | Orc:2    | Bought a scroll of identify for 26 gold pieces
 12711 | Orc:2    | Killed an orc warlord
 12727 | Orc:2    | Found Oheomuopno's Jewellery Boutique.
 12888 | Orc:2    | Killed an orc high priest
 12889 | Orc:2    | Found Xocuxuoh's Antique Weapon Shoppe.
 13270 | Orc:1    | Found a runed translucent door.
 13279 | Orc:1    | Found a shimmering altar of Xom.
 13279 | Orc:1    | Noticed oops's ghost (journeyman FeSh)
 13556 | Lair:1   | Entered Level 1 of the Lair of Beasts
 13788 | Lair:1   | Bought a scroll of immolation for 60 gold pieces
 13788 | Lair:1   | Bought a scroll of identify for 30 gold pieces
 13788 | Lair:1   | Bought a scroll of identify for 30 gold pieces
 13888 | Lair:1   | Reached XP level 13. HP: 51/63 MP: 14/14
 13909 | Lair:1   | Reached skill level 15 in Dodging
 14207 | Lair:1   | Mangled by a black mamba
 14545 | Lair:2   | Noticed Urug
 14599 | Lair:2   | Killed Urug
 14722 | Lair:2   | Found a gate leading to a gauntlet.
 14823 | Lair:2   | Noticed Amaemon
 14866 | Gauntlet | Entered a Gauntlet
 14866 | Gauntlet | Found a transporter.
 14866 | Gauntlet | Found a transporter.
 14871 | Gauntlet | Found a transporter.
 14874 | Gauntlet | Found a transporter.
 14874 | Gauntlet | Found a transporter.
 14874 | Gauntlet | Found a transporter.
 14888 | Gauntlet | Found a transporter.
 14888 | Gauntlet | Found a transporter.
 14890 | Gauntlet | Found a large runed translucent door.
 14891 | Gauntlet | Found a large runed translucent door.
 14892 | Gauntlet | Found a large runed translucent door.
 14892 | Gauntlet | Found a large runed translucent door.
 14892 | Gauntlet | Found a runed translucent door.
 14892 | Gauntlet | Found a runed translucent door.
 14893 | Gauntlet | Found a large runed translucent door.
 14893 | Gauntlet | Found a large runed translucent door.
 14893 | Gauntlet | Found a large runed translucent door.
 14893 | Gauntlet | Found a large runed translucent door.
 14894 | Gauntlet | Found a large runed translucent door.
 14894 | Gauntlet | Found a large runed translucent door.
 14895 | Gauntlet | Found a large runed translucent door.
 14895 | Gauntlet | Found a large runed translucent door.
 14896 | Gauntlet | Found a runed translucent gate.
 14896 | Gauntlet | Found a runed translucent gate.
 14896 | Gauntlet | Found a runed translucent gate.
 14898 | Gauntlet | Found a transporter.
 14909 | Gauntlet | Found a large runed translucent door.
 14910 | Gauntlet | Found a large runed translucent door.
 14919 | Gauntlet | Found a large runed translucent door.
 14919 | Gauntlet | Found a large runed translucent door.
 14999 | Gauntlet | Found a transporter.
 15003 | Gauntlet | Found a transporter.
 15015 | Gauntlet | Found a transporter.
 15090 | Gauntlet | Identified the ring of the King {rN++ rCorr EV+5 Int+3
                  | Stlth+}
 15238 | Gauntlet | Noticed a minotaur
 15647 | Lair:2   | Killed Amaemon
 15711 | Lair:2   | Found a staircase to the Shoals.
 16160 | Lair:3   | Noticed Snorg
 16295 | Lair:3   | You fall into a shaft and drop 2 floors!
 16295 | Lair:5   | Entered Level 5 of the Lair of Beasts
 16328 | Lair:5   | Identified the +2 halberd of Mutilation {holy, rCorr Int+3}
 16413 | Lair:5   | Noticed a dire elephant
 16541 | Lair:5   | Reached XP level 14. HP: 49/66 MP: 15/15
 16823 | Lair:5   | Found the +7 captain's cutlass {speed, disarm}
 17768 | Lair:4   | Bought a potion of lignification for 39 gold pieces
 17768 | Lair:4   | Bought 2 potions of lignification for 78 gold pieces
 17768 | Lair:4   | Bought a potion of curing for 39 gold pieces
 18859 | Lair:3   | Found a staircase to the Snake Pit.
 19382 | Lair:4   | Reached XP level 15. HP: 46/70 MP: 16/16
 19512 | Lair:4   | Found a staircase to the Slime Pits.
 19659 | Lair:4   | Found the +16 obsidian axe {drain, demonic, Mesm Drain Fly
                  | SInv}
 20257 | D:12     | Noticed Gastronok
 20272 | D:11     | Killed Gastronok
 20376 | D:12     | Bought a ring of poison resistance for 240 gold pieces
 20539 | D:12     | Noticed Rupert
 20781 | D:12     | Killed Rupert
 22086 | D:14     | Identified the +5 great sword of the Evening {heavy, rF+
                  | Int-3 Dex+8}
 22504 | D:14     | Found a runed translucent door.
 22880 | D:14     | HP: 1/70 [vault guard/+0 great sword (27)]
 22880 | D:14     | Killed from afar by an ironbound frostheart
 23102 | Lair:2   | Killed Snorg
 23153 | Snake:1  | Entered Level 1 of the Snake Pit
 23326 | Snake:1  | Reached skill level 15 in Shapeshifting
 23980 | D:12     | Bought the ring "Beklejio" {Fly rC+ Str+4 Int-3 SInv} for
                  | 484 gold pieces
 24287 | Snake:1  | Reached XP level 16. HP: 70/74 MP: 17/17
 24391 | Snake:1  | Identified the serpent talisman "Waketuc" {rElec rPois rC+
                  | Dex+2 SInv}
 24391 | Snake:1  | Noticed Aizul
 24403 | Snake:1  | Killed Aizul
 24801 | Snake:2  | Got the Compendium of Shapes and Frostbite
 25933 | Snake:3  | Noticed Nikola
 25942 | Snake:3  | Killed Nikola
 26377 | Snake:4  | Entered Level 4 of the Snake Pit
 26500 | Snake:4  | Found Ciojyomi's General Store.
 26502 | Snake:4  | Found Uvuihi's Specific Store.
 26718 | Snake:4  | Bought a potion of haste for 140 gold pieces
 26718 | Snake:4  | Bought a wand of digging (4) for 235 gold pieces
 27013 | Snake:3  | Lost mutation: Your muscles are strong. (Str +4, Int/Dex
                  | -1) [potion of mutation]
 27013 | Snake:3  | Lost mutation: You occasionally lose the ability to read
                  | scrolls when taking damage. [potion of mutation]
 27013 | Snake:3  | Lost mutation: You are resistant to electric shocks.
                  | (rElec) [potion of mutation]
 27013 | Snake:3  | Gained mutation: You have an increased reservoir of magic.
                  | (+10% MP) [potion of mutation]
 27062 | Snake:4  | Reached XP level 17. HP: 82/82 MP: 19/19
 28191 | Snake:4  | Got a serpentine rune of Zot
 28446 | Shoals:1 | Entered Level 1 of the Shoals
 28671 | Shoals:1 | Found the amulet of the Air {Inacc Air Fly rElec RMsl}
 28724 | Shoals:1 | Reached skill level 15 in Fighting
 29917 | Shoals:3 | Noticed Polyphemus
 29929 | Shoals:3 | HP: 6/127 [death yak[Polyphemus] (17)]
 29929 | Shoals:3 | Hit by a large rock thrown by Polyphemus
 30011 | Shoals:3 | Killed Polyphemus
 30448 | Shoals:4 | Entered Level 4 of the Shoals
 30604 | Shoals:4 | Reached XP level 18. HP: 90/90 MP: 20/20
 31006 | Shoals:4 | Identified the +0 chain mail "Dicousm" {Harm rN++}
 31754 | Shoals:4 | Got a barnacled rune of Zot
 32162 | Elf:1    | Entered Level 1 of the Elven Halls
 32270 | Elf:1    | Noticed Roxanne
 32280 | Elf:1    | Killed Roxanne
 33221 | Elf:2    | Found a runed translucent gate.
 33222 | Elf:2    | Found a runed translucent gate.
 33222 | Elf:2    | Found a runed translucent gate.
 33289 | Elf:3    | Entered Level 3 of the Elven Halls
 33338 | Elf:3    | Found Onon's Jewellery Shoppe.
 33925 | Elf:3    | Reached XP level 19. HP: 97/97 MP: 21/21
 34109 | Elf:3    | Identified the +8 dire flail "Uryptef" {chaos, rN++ Int-4
                  | Dex+2}
 34139 | Elf:3    | Identified a scroll of acquirement
 34152 | Elf:3    | Acquired 1111 gold pieces
 34156 | Elf:3    | Identified the +9 scimitar "Ytaqit" {antimagic, Dex+5}
 34179 | Elf:3    | Identified the +1 helmet of the Lost Path {rN++ Will+}
 34648 | D:14     | Found Zeypties's Antique Weapon Emporium.
 34790 | D:14     | Found a gate to the Vaults.
 34827 | Vaults:1 | Entered Level 1 of the Vaults
 35585 | Vaults:1 | Found Helo's Antique Weapon Boutique.
 36540 | Vaults:2 | Found a staircase to the Crypt.
 36540 | Vaults:2 | Found a basalt altar of Yredelemnul.
 36569 | Vaults:2 | Found an ancient bone altar of Kikubaaqudgha.
 37328 | Vaults:3 | Found Sukko's Weapon Shoppe.
 37505 | Vaults:3 | Reached XP level 20. HP: 97/105 MP: 23/23
 37566 | Vaults:3 | Found Wip Lioc's Magic Scroll Shop.
 37571 | Vaults:3 | Bought a scroll of teleportation for 54 gold pieces
 37571 | Vaults:3 | Bought a scroll of teleportation for 54 gold pieces
 37571 | Vaults:3 | Bought a scroll of fog for 72 gold pieces
 37571 | Vaults:3 | Bought a scroll of immolation for 72 gold pieces
 37571 | Vaults:3 | Bought a scroll of teleportation for 54 gold pieces
 37665 | Vaults:3 | Found Gecs's Magic Scroll Emporium.
 37748 | Vaults:3 | Bought a scroll of immolation for 56 gold pieces
 37748 | Vaults:3 | Bought a scroll of blinking for 105 gold pieces
 37748 | Vaults:3 | Bought a scroll of revelation for 105 gold pieces
 37994 | Vaults:3 | Identified the +0 pair of gloves "Tuosalid" {rF+ Int+3}
 38439 | Vaults:3 | Found Beukhuuc's Weapon Shoppe.
 38575 | Vaults:3 | Found Waceq's Assorted Antiques.
 38709 | Vaults:3 | Bought a scroll of blinking for 172 gold pieces
 38709 | Vaults:3 | Bought a potion of heal wounds for 115 gold pieces
 38717 | Vaults:3 | Identified the +2 pair of boots of Somewhere Else {rN+
                  | Str+3 Stlth+}
 39734 | Vaults:5 | Entered Level 5 of the Vaults
 39756 | Vaults:5 | Noticed a golden dragon
 39759 | Vaults:5 | Noticed a dread lich
 39771 | Vaults:5 | Killed a dread lich
 39774 | Vaults:5 | Killed a golden dragon
 39946 | Vaults:5 | Reached XP level 21. HP: 110/110 MP: 24/24
 40158 | Vaults:5 | Reached skill level 15 in Unarmed Combat
 40433 | Vaults:5 | Identified the +5 spear of Trog's Vengeance {flame, rC+}
 40505 | Vaults:5 | Identified the ring of Wuywkios {Fly rF- Dex+2 SInv}
 40715 | Vaults:5 | Noticed a golden dragon
 40722 | Vaults:5 | Killed a golden dragon
 40855 | Vaults:5 | Found Seriuhacs's Book Shoppe.
 41027 | Vaults:5 | Found Waownof's Distillery.
 41032 | Vaults:5 | Bought a potion of haste for 200 gold pieces
 41032 | Vaults:5 | Bought a potion of might for 80 gold pieces
 41032 | Vaults:5 | Bought 2 potions of heal wounds for 200 gold pieces
 41039 | Vaults:5 | Found Negaf's Magic Scroll Shop.
 41044 | Vaults:5 | Bought a scroll of blinking for 90 gold pieces
 41044 | Vaults:5 | Bought a scroll of fear for 48 gold pieces
 41044 | Vaults:5 | Bought a scroll of blinking for 90 gold pieces
 41077 | Vaults:5 | Found Buzxeafa's Magic Scroll Shoppe.
 41082 | Vaults:5 | Bought a scroll of summoning for 218 gold pieces
 41082 | Vaults:5 | Bought a scroll of teleportation for 69 gold pieces
 41180 | Vaults:5 | Found Ywenle Jooh's Antique Weapon Shop.
 41257 | Vaults:5 | Got a silver rune of Zot
 41373 | Vaults:5 | Identified the staff of the Curious Lovers {Fly rElec rF+
                  | MP+9 Fire}
 41704 | D:15     | Entered Level 15 of the Dungeon
 42095 | D:15     | Found a staircase to the Depths.
 42388 | Depths:1 | Entered Level 1 of the Depths
 42450 | Depths:1 | Reached XP level 22. HP: 115/115 MP: 25/25
 42766 | Depths:1 | Found a one-way gate to the infinite horrors of the Abyss.
 42970 | Depths:1 | Found a one-way gate leading to the halls of Pandemonium.
 43132 | Depths:1 | Found a gateway to Hell.
 44067 | Depths:2 | Identified the +4 morningstar of Impatience {heavy, rC+
                  | Int+5 SInv Stlth-}
 44366 | Depths:3 | Noticed a caustic shrike
 44371 | Depths:3 | Noticed a caustic shrike
 44382 | Depths:3 | Noticed a caustic shrike
 44385 | Depths:3 | Noticed a caustic shrike
 44486 | Depths:3 | Acquired a manual of Stealth
 44532 | Depths:3 | Killed a caustic shrike
 44589 | Depths:3 | Killed a caustic shrike
 44592 | Depths:3 | Killed a caustic shrike
 44668 | Depths:3 | Found Veubusk's Book Boutique.
 44688 | Depths:3 | Noticed a golden dragon
 44697 | Depths:3 | Killed a golden dragon
 44712 | Depths:3 | Found Nyzig's Jewellery Shoppe.
 44713 | Depths:3 | Found Yceoqesi's Book Boutique.
 44884 | Depths:3 | Noticed Norris
 44902 | Depths:3 | Killed a caustic shrike
 44919 | Depths:3 | Killed Norris
 45103 | Depths:3 | Noticed a golden dragon
 45112 | Depths:3 | Killed a golden dragon
 45148 | Depths:3 | Reached XP level 23. HP: 118/118 MP: 26/26
 45567 | Depths:4 | Entered Level 4 of the Depths
 45695 | Depths:4 | Found a one-way gateway to a ziggurat.
 45894 | Zig:1    | Entered Level 1 of a ziggurat
 45920 | Zig:2    | Entered Level 2 of a ziggurat
 46033 | Zig:3    | Entered Level 3 of a ziggurat
 46050 | Zig:4    | Entered Level 4 of a ziggurat
 46144 | Zig:4    | Acquired a manual of Stealth
 46150 | Zig:5    | Entered Level 5 of a ziggurat
 46178 | Zig:5    | Identified the death talisman "Fifew" {rF- rCorr Int+4}
 46215 | Zig:6    | Entered Level 6 of a ziggurat
 46234 | Zig:6    | Gained mutation: You occasionally shout uncontrollably at
                  | your foes. [a shining eye]
 46259 | Zig:6    | Identified the +0 leather armour of the Skies Above
                  | {Rampage Fly}
 46266 | Zig:7    | Entered Level 7 of a ziggurat
 46344 | Zig:7    | Reached XP level 24. HP: 123/123 MP: 26/26
 46352 | Zig:8    | Entered Level 8 of a ziggurat
 46401 | Zig:8    | Reached XP level 25. HP: 82/127 MP: 26/26
 46445 | Zig:8    | Identified the amulet "Jaofost" {Reflect rF+ SH+5 SInv}
 46488 | Zig:9    | Entered Level 9 of a ziggurat
 46622 | Zig:9    | Got the Vellum of Weird Despicable Ceremonies
 46630 | Zig:10   | Entered Level 10 of a ziggurat
 46761 | Zig:10   | Identified the +6 quarterstaff "Laxosoce" {spect, Str+6}
 46982 | Depths:4 | Found a gate to the Realm of Zot.
 47620 | Slime:1  | Entered Level 1 of the Pits of Slime
 47626 | Slime:1  | Lost mutation: You have an increased reservoir of magic.
                  | (+10% MP) [a shining eye]
 47632 | Slime:1  | Gained mutation: You are vulnerable to cold. (rC-) [a
                  | shining eye]
 47634 | Slime:1  | Gained mutation: Your magical capacity is low. (-10% MP) [a
                  | shining eye]
 47637 | Slime:1  | Gained mutation: You are frail. (-10% HP) [a shining eye]
 47640 | Slime:1  | Gained mutation: You are clumsy. (Dex -2) [a shining eye]
 47764 | Slime:3  | Noticed Dissolution
 47768 | Slime:3  | Killed Dissolution
 47804 | Slime:3  | Reached XP level 26. HP: 117/117 MP: 21/21
 47929 | Slime:4  | Gained mutation: You sometimes lose your temper in combat.
                  | [a shining eye]
 47930 | Slime:4  | Gained mutation: You are dopey. (Int -2) [a shining eye]
 47975 | Slime:5  | Entered Level 5 of the Pits of Slime
 47976 | Slime:5  | Lost mutation: Your magical capacity is low. (-10% MP)
                  | [potion of mutation]
 47976 | Slime:5  | Lost mutation: You have a pair of small horns on your head.
                  | [potion of mutation]
 47976 | Slime:5  | Lost mutation: You are dopey. (Int -2) [potion of mutation]
 47976 | Slime:5  | Lost mutation: You sometimes lose your temper in combat.
                  | [potion of mutation]
 47977 | Slime:5  | Lost mutation: You are frail. (-10% HP) [potion of
                  | mutation]
 47977 | Slime:5  | Lost mutation: You occasionally shout uncontrollably at
                  | your foes. [potion of mutation]
 47977 | Slime:5  | Lost mutation: You are clumsy. (Dex -2) [potion of
                  | mutation]
 47977 | Slime:5  | Gained mutation: You have a pair of small horns on your
                  | head. [potion of mutation]
 47977 | Slime:5  | Gained mutation: You have hidden genetic potential. [potion
                  | of mutation]
 47977 | Slime:5  | Gained mutation: You are agile. (Dex +4, Str/Int -1)
                  | [potion of mutation]
 47978 | Slime:5  | Lost mutation: You have hidden genetic potential. [potion
                  | of mutation]
 47978 | Slime:5  | Lost mutation: You have a pair of small horns on your head.
                  | [potion of mutation]
 47978 | Slime:5  | Lost mutation: You are agile. (Dex +4, Str/Int -1) [potion
                  | of mutation]
 47978 | Slime:5  | Gained mutation: You expend magic power (3 MP) to
                  | strengthen your wands. [potion of mutation]
 47978 | Slime:5  | Gained mutation: You are weak. (Str -2) [potion of
                  | mutation]
 47979 | Slime:5  | Lost mutation: You expend magic power (3 MP) to strengthen
                  | your wands. [potion of mutation]
 47979 | Slime:5  | Lost mutation: You are vulnerable to cold. (rC-) [potion of
                  | mutation]
 47979 | Slime:5  | Lost mutation: You are weak. (Str -2) [potion of mutation]
 47979 | Slime:5  | Gained mutation: You are partially covered in iridescent
                  | scales. (AC +2) [potion of mutation]
 47979 | Slime:5  | Gained mutation: You are somewhat resistant to further
                  | mutation. [potion of mutation]
 48027 | Slime:5  | Lost mutation: You are somewhat resistant to further
                  | mutation. [a shining eye]
 48139 | Slime:5  | Found a viscous altar of Jiyva.
 48141 | Slime:5  | Noticed the Royal Jelly
 48160 | Slime:5  | Killed the Royal Jelly
 48370 | Slime:5  | Identified the ring "Bewin" {rF+ rC+}
 48396 | Slime:5  | Identified the +9 plate armour of the Monkey's Uncle {Harm
                  | *Corrode MP+9}
 48404 | Slime:5  | Got a slimy rune of Zot
 48449 | Slime:5  | Identified the ring of Pasypram {*Corrode rElec rPois rN+}
 48887 | Crypt:1  | Entered Level 1 of the Crypt
 49189 | Crypt:1  | Reached skill level 27 in Unarmed Combat
 49763 | Crypt:3  | Entered Level 3 of the Crypt
 49959 | Crypt:3  | Found a staircase to the Tomb.
 50134 | Crypt:3  | Identified the ring "Fuzoros" {Ice Str+5}
 50134 | Crypt:3  | Noticed Josephina
 50144 | Crypt:3  | Killed Josephina
 50158 | Crypt:3  | Noticed Boris
 50165 | Crypt:3  | Killed Boris
 50462 | Crypt:3  | Noticed Khufu
 50462 | Crypt:3  | Noticed a royal mummy
 50470 | Crypt:3  | Noticed a royal mummy
 50562 | Crypt:3  | Killed Khufu
 50566 | Crypt:3  | Killed a royal mummy
 50574 | Crypt:3  | Killed a royal mummy
 50950 | Crypt:3  | Found an ancient bone altar of Kikubaaqudgha.
 50979 | Crypt:3  | Noticed a dread lich
 50991 | Crypt:3  | Killed a dread lich
 51270 | Tomb:1   | Entered Level 1 of the Tomb of the Ancients
 51572 | Tomb:1   | Noticed a royal mummy
 51591 | Tomb:1   | Killed a royal mummy
 52116 | Tomb:2   | Noticed a royal mummy
 52119 | Tomb:2   | Noticed a royal mummy
 52143 | Tomb:2   | Noticed a royal mummy
 52148 | Tomb:2   | Noticed a royal mummy
 52149 | Tomb:2   | Reached XP level 27. HP: 138/138 MP: 24/24
 52300 | Tomb:2   | Killed a royal mummy
 52491 | Tomb:1   | Noticed a royal mummy
 52491 | Tomb:1   | Noticed a royal mummy
 52491 | Tomb:1   | Noticed a royal mummy
 52491 | Tomb:1   | Noticed a royal mummy
 52491 | Tomb:1   | Noticed a royal mummy
 52491 | Tomb:1   | Noticed a royal mummy
 52497 | Tomb:1   | Noticed a royal mummy
 52498 | Tomb:1   | Killed a royal mummy
 52498 | Tomb:1   | Noticed a royal mummy
 52504 | Tomb:1   | Killed a royal mummy
 52516 | Tomb:1   | Killed a royal mummy
 52520 | Tomb:1   | Killed a royal mummy
 52711 | Tomb:1   | Noticed a royal mummy
 52711 | Tomb:1   | Noticed a royal mummy
 52711 | Tomb:1   | Noticed a royal mummy
 52731 | Tomb:1   | Killed a royal mummy
 52732 | Tomb:1   | Noticed a royal mummy
 52741 | Tomb:1   | Noticed a royal mummy
 52741 | Tomb:1   | Killed a royal mummy
 52742 | Tomb:1   | Noticed a royal mummy
 52762 | Tomb:1   | Killed a royal mummy
 52779 | Tomb:1   | Killed a royal mummy
 52913 | Tomb:1   | Noticed a royal mummy
 52922 | Tomb:1   | Killed a royal mummy
 52930 | Tomb:1   | Killed a royal mummy
 52985 | Tomb:1   | Noticed a royal mummy
 52991 | Tomb:1   | Noticed a royal mummy
 53007 | Tomb:1   | Killed a royal mummy
 53013 | Tomb:1   | Killed a royal mummy
 53233 | Tomb:1   | Noticed a royal mummy
 53238 | Tomb:1   | Killed a royal mummy
 53542 | Tomb:3   | Entered Level 3 of the Tomb of the Ancients
 53550 | Tomb:3   | Noticed a royal mummy
 53550 | Tomb:3   | Noticed a royal mummy
 53550 | Tomb:3   | Noticed a royal mummy
 53550 | Tomb:3   | Noticed a royal mummy
 53550 | Tomb:3   | Noticed a royal mummy
 53551 | Tomb:3   | Noticed a royal mummy
 53551 | Tomb:3   | Noticed a royal mummy
 53551 | Tomb:3   | Noticed a royal mummy
 53562 | Tomb:3   | Killed a royal mummy
 53563 | Tomb:3   | Killed a royal mummy
 53565 | Tomb:3   | Killed a royal mummy
 53566 | Tomb:3   | Killed a royal mummy
 53567 | Tomb:3   | Killed a royal mummy
 53569 | Tomb:3   | Killed a royal mummy
 53570 | Tomb:3   | Killed a royal mummy
 53575 | Tomb:3   | Killed a royal mummy
 53596 | Tomb:3   | Killed a royal mummy
 53647 | Tomb:3   | Identified the ring of Qutyuc {rPois rCorr Int+2}
 53690 | Tomb:3   | Got Pianlaos's Compendium of Fire
 53702 | Tomb:3   | Identified the +1 buckler of Coiss {Int+2}
 54096 | Tomb:3   | Got a golden rune of Zot
 54695 | Crypt:2  | Reached skill level 27 in Dodging
 55377 | Pan      | Entered Pandemonium
 55404 | Pan      | Found an exit through the horrors of the Abyss.
 55719 | Pan      | Noticed Xyrovvio the pandemonium lord
 55722 | Pan      | Gained mutation: You occasionally lose the ability to read
                  | scrolls when taking damage. [a cacodemon]
 55724 | Pan      | Found a runed translucent door.
 55745 | Pan      | Found a runed translucent door.
 55749 | Pan      | Found a runed translucent door.
 55829 | Pan      | Gained mutation: You sometimes lose the ability to read
                  | scrolls when taking damage. [a neqoxec]
 55841 | Pan      | Lost mutation: You sometimes lose the ability to read
                  | scrolls when taking damage. [potion of mutation]
 55841 | Pan      | Lost mutation: You occasionally lose the ability to read
                  | scrolls when taking damage. [potion of mutation]
 55841 | Pan      | Lost mutation: You are partially covered in iridescent
                  | scales. (AC +2) [potion of mutation]
 55841 | Pan      | Gained mutation: Your muscles are strong. (Str +4, Int/Dex
                  | -1) [potion of mutation]
 55841 | Pan      | Gained mutation: You have an increased reservoir of magic.
                  | (+10% MP) [potion of mutation]
 56148 | Pan      | Noticed Tuamun the pandemonium lord
 56168 | Pan      | Killed Tuamun the pandemonium lord
 56237 | Pan      | Got a demonic rune of Zot
 56461 | Pan      | Noticed Mennas
 56482 | Pan      | Noticed Torauxox the pandemonium lord
 56488 | Pan      | Killed Mennas
 56494 | Pan      | Killed Torauxox the pandemonium lord
 56750 | Pan      | Paralysed by accursed screaming for 1 turns
 56905 | Pan      | Found Reekhiv's Book Shoppe.
 56920 | Pan      | Entered the realm of Mnoleg.
 56926 | Pan      | Lost mutation: Your muscles are strong. (Str +4, Int/Dex
                  | -1) [a shining eye]
 56927 | Pan      | Lost mutation: You have an increased reservoir of magic.
                  | (+10% MP) [a shining eye]
 56929 | Pan      | Gained mutation: You occasionally lose the ability to read
                  | scrolls when taking damage. [a shining eye]
 57049 | Pan      | Gained mutation: Your body sometimes deteriorates upon
                  | taking damage. [a neqoxec]
 57060 | Pan      | Noticed Mnoleg
 57062 | Pan      | Gained mutation: You are weak. (Str -2) [a cacodemon]
 57070 | Pan      | Gained mutation: You sometimes lose your temper in combat.
                  | [a cacodemon]
 57071 | Pan      | Gained mutation: You have an uncontrollable temper. [a
                  | cacodemon]
 57081 | Pan      | Killed Mnoleg
 57085 | Pan      | Gained mutation: You are clumsy. (Dex -2) [a cacodemon]
 57095 | Pan      | Gained mutation: You do not regenerate when monsters are
                  | visible. [a neqoxec]
 57421 | Pan      | Noticed Ignacio
 57431 | Pan      | Killed Ignacio
 57470 | Pan      | Gained mutation: You are dopey. (Int -2) [a neqoxec]
 57797 | Pan      | Got a glowing rune of Zot
 57858 | Pan      | Gained mutation: You are very dopey. (Int -4) [a cacodemon]
 57919 | Pan      | Reached skill level 27 in Fighting
 57928 | Pan      | Gained mutation: Your body often deteriorates upon taking
                  | damage. [a cacodemon]
 57932 | Pan      | Gained mutation: You occasionally shout uncontrollably at
                  | your foes. [a cacodemon]
 57992 | Pan      | Gained mutation: You occasionally lose the ability to drink
                  | potions when taking damage. [a neqoxec]
 57993 | Pan      | Gained mutation: You are frail. (-10% HP) [a neqoxec]
 57998 | Pan      | Gained mutation: You are very clumsy. (Dex -4) [a neqoxec]
 58053 | Pan      | Lost mutation: You are very dopey. (Int -4) [potion of
                  | mutation]
 58053 | Pan      | Lost mutation: You occasionally lose the ability to drink
                  | potions when taking damage. [potion of mutation]
 58053 | Pan      | Lost mutation: You are frail. (-10% HP) [potion of
                  | mutation]
 58053 | Pan      | Gained mutation: You are very weak. (Str -4) [potion of
                  | mutation]
 58054 | Pan      | Lost mutation: You occasionally lose the ability to read
                  | scrolls when taking damage. [potion of mutation]
 58054 | Pan      | Lost mutation: Your body often deteriorates upon taking
                  | damage. [potion of mutation]
 58054 | Pan      | Lost mutation: You are very weak. (Str -4) [potion of
                  | mutation]
 58054 | Pan      | Gained mutation: Your magical capacity is low. (-10% MP)
                  | [potion of mutation]
 58054 | Pan      | Lost mutation: You are dopey. (Int -2) [potion of mutation]
 58055 | Pan      | Lost mutation: You do not regenerate when monsters are
                  | visible. [potion of mutation]
 58055 | Pan      | Lost mutation: You are very clumsy. (Dex -4) [potion of
                  | mutation]
 58055 | Pan      | Lost mutation: You are clumsy. (Dex -2) [potion of
                  | mutation]
 58055 | Pan      | Gained mutation: You are robust. (+10% HP) [potion of
                  | mutation]
 58055 | Pan      | Lost mutation: You are weak. (Str -2) [potion of mutation]
 58056 | Pan      | Lost mutation: You are robust. (+10% HP) [potion of
                  | mutation]
 58056 | Pan      | Lost mutation: You occasionally shout uncontrollably at
                  | your foes. [potion of mutation]
 58056 | Pan      | Gained mutation: Potions are less effective at restoring
                  | your health. [potion of mutation]
 58056 | Pan      | Lost mutation: Your magical capacity is low. (-10% MP)
                  | [potion of mutation]
 58056 | Pan      | Gained mutation: You have a somewhat thin skeletal
                  | structure. (Dex +2, Stealth+) [potion of mutation]
 58057 | Pan      | Lost mutation: You have an uncontrollable temper. [potion
                  | of mutation]
 58057 | Pan      | Lost mutation: You sometimes lose your temper in combat.
                  | [potion of mutation]
 58057 | Pan      | Gained mutation: You are weak. (Str -2) [potion of
                  | mutation]
 58057 | Pan      | Gained mutation: Your flesh is cold resistant. (rC+)
                  | [potion of mutation]
 58084 | Pan      | Found an exit through the horrors of the Abyss.
 58094 | Pan      | Took an exit into the Abyss.
 58094 | Abyss:1  | Escaped into the Abyss
 58124 | Abyss:1  | Found a corrupted altar of Lugonu.
 58137 | Abyss:1  | Found a corrupted altar of Lugonu.
 58174 | Abyss:1  | Found a corrupted altar of Lugonu.
 58409 | Abyss:1  | Gained mutation: You sometimes lose your temper in combat.
                  | [a neqoxec]
 58461 | Depths:1 | Escaped the Abyss
 58468 | Depths:1 | Bought a potion of mutation for 136 gold pieces
 58468 | Depths:1 | Bought a potion of mutation for 136 gold pieces
 58468 | Depths:1 | Lost mutation: Your flesh is cold resistant. (rC+) [potion
                  | of mutation]
 58468 | Depths:1 | Lost mutation: Potions are less effective at restoring your
                  | health. [potion of mutation]
 58468 | Depths:1 | Lost mutation: You sometimes lose your temper in combat.
                  | [potion of mutation]
 58471 | Pan      | Entered the realm of Gloorx Vloq.
 58471 | Pan      | Entered Pandemonium
 58688 | Pan      | Reached skill level 15 in Stealth
 59065 | Pan      | Noticed Gloorx Vloq
 59085 | Pan      | Killed Gloorx Vloq
 59338 | Pan      | Got a dark rune of Zot
 59559 | Pan      | Entered the realm of Cerebov.
 59575 | Pan      | Found an exit through the horrors of the Abyss.
 59725 | Pan      | Identified the ring of Ijatz {Fire rElec rCorr}
 59733 | Pan      | Found the +6 sword of Cerebov {flame}
 59733 | Pan      | Noticed Cerebov
 60199 | Pan      | Identified the +8 hand axe "Raugohad" {heavy, Dex+3}
 60376 | Pan      | Killed Cerebov
 60399 | Pan      | Got a fiery rune of Zot
 60597 | Pan      | Identified the +1 scale mail "Caorror" {Rampage *Corrode
                  | Regen+ Str+2}
 60736 | Pan      | Noticed Carph the pandemonium lord
 60751 | Pan      | Killed Carph the pandemonium lord
 61024 | Pan      | Gained mutation: You occasionally shout uncontrollably at
                  | your foes. [a neqoxec]
 61024 | Pan      | Gained mutation: You do not regenerate when monsters are
                  | visible. [a neqoxec]
 61025 | Pan      | Gained mutation: You sometimes lose your temper in combat.
                  | [a neqoxec]
 61035 | Pan      | Lost mutation: You occasionally shout uncontrollably at
                  | your foes. [potion of mutation]
 61035 | Pan      | Lost mutation: You do not regenerate when monsters are
                  | visible. [potion of mutation]
 61035 | Pan      | Lost mutation: You are weak. (Str -2) [potion of mutation]
 61035 | Pan      | Gained mutation: You expend magic power (3 MP) to
                  | strengthen your wands. [potion of mutation]
 61035 | Pan      | Gained mutation: You are clumsy. (Dex -2) [potion of
                  | mutation]
 61282 | Pan      | Entered the realm of Lom Lobon.
 61527 | Pan      | Noticed Lom Lobon
 61540 | Pan      | Killed Lom Lobon
 61579 | Pan      | Got a magical rune of Zot
 61964 | Pan      | Found an exit through the horrors of the Abyss.
 61990 | Pan      | Took an exit into the Abyss.
 61990 | Abyss:3  | Escaped into the Abyss
 61990 | Abyss:3  | Found a corrupted altar of Lugonu.
 62014 | Abyss:3  | Gained mutation: You are vulnerable to heat. (rF-) [a
                  | neqoxec]
 62117 | Abyss:3  | Reached skill level 27 in Stealth
 62192 | Abyss:3  | Gained mutation: You are very clumsy. (Dex -4) [a neqoxec]
 62506 | Abyss:4  | Noticed a dread lich
 62511 | Abyss:4  | Killed a dread lich
 62547 | Abyss:4  | Paralysed by accursed screaming for 2 turns
 62547 | Abyss:4  | HP: 8/193 [bone dragon (10)]
 62547 | Abyss:4  | Slain by a bone dragon
 62611 | Abyss:4  | Found a corrupted altar of Lugonu.
 62664 | Abyss:4  | Found a corrupted altar of Lugonu.
 62673 | Abyss:4  | Found a corrupted altar of Lugonu.
 62673 | Abyss:4  | Found a corrupted altar of Lugonu.
 62764 | Abyss:4  | Found a runed translucent door.
 62765 | Abyss:4  | Found a runed translucent door.
 62766 | Abyss:4  | Found a runed translucent door.
 62768 | Abyss:4  | Found a runed translucent door.
 62768 | Abyss:4  | Found a runed translucent door.
 62769 | Abyss:4  | Found a runed translucent door.
 62777 | Abyss:4  | Found a runed translucent door.
 62777 | Abyss:4  | Found a runed translucent door.
 62782 | Abyss:4  | Found a runed translucent door.
 62782 | Abyss:4  | Found a runed translucent door.
 62783 | Abyss:4  | Found a runed translucent door.
 62783 | Abyss:4  | Found a runed translucent door.
 62783 | Abyss:4  | Found a runed translucent door.
 62783 | Abyss:4  | Found a runed translucent door.
 62784 | Abyss:4  | Found a runed translucent door.
 62784 | Abyss:4  | Found a runed translucent door.
 62784 | Abyss:4  | Found a runed translucent door.
 62784 | Abyss:4  | Found a runed translucent door.
 62784 | Abyss:4  | Found a runed translucent door.
 62784 | Abyss:4  | Found a runed translucent door.
 62785 | Abyss:4  | Found a corrupted altar of Lugonu.
 62785 | Abyss:4  | Found a runed translucent door.
 62785 | Abyss:4  | Found a runed translucent door.
 62789 | Abyss:4  | Found a corrupted altar of Lugonu.
 62808 | Abyss:4  | Got an abyssal rune of Zot
 62857 | Abyss:4  | Found a runed translucent door.
 62875 | Abyss:4  | Found a corrupted altar of Lugonu.
 62875 | Abyss:4  | Found a runed translucent door.
 62875 | Abyss:4  | Found a runed translucent door.
 62875 | Abyss:4  | Found a runed translucent door.
 62890 | Abyss:4  | Found a runed translucent door.
 62895 | Abyss:4  | Found a runed translucent door.
 62895 | Abyss:4  | Found a runed translucent door.
 62904 | Abyss:4  | Found a runed translucent door.
 62908 | Abyss:4  | Found a runed translucent door.
 62937 | Abyss:4  | Found a runed translucent door.
 62937 | Abyss:4  | Found a runed translucent door.
 62948 | Abyss:4  | Found a runed translucent door.
 62949 | Abyss:4  | Found a runed translucent door.
 62951 | Abyss:4  | Found a corrupted altar of Lugonu.
 62955 | Abyss:4  | Found a runed translucent door.
 62961 | Abyss:4  | Found a runed translucent door.
 62965 | Abyss:4  | Found a runed translucent door.
 63026 | Abyss:4  | Found a corrupted altar of Lugonu.
 63054 | Abyss:4  | Found a runed translucent door.
 63089 | Abyss:4  | Paralysed by accursed screaming for 2 turns
 63090 | Abyss:4  | Noticed a dread lich
 63112 | Depths:1 | Escaped the Abyss
 63114 | Depths:1 | Lost mutation: Your body sometimes deteriorates upon taking
                  | damage. [potion of mutation]
 63114 | Depths:1 | Lost mutation: You expend magic power (3 MP) to strengthen
                  | your wands. [potion of mutation]
 63118 | Depths:1 | Bought a scroll of fog for 60 gold pieces
 63118 | Depths:1 | Bought a scroll of fog for 60 gold pieces
 63158 | Hell     | Entered the Vestibule of Hell
 63158 | Hell     | Noticed Geryon
 63419 | Depths:1 | Reached skill level 27 in Shapeshifting
 63419 | Depths:1 | Reached skill level 1 in Spellcasting
 63752 | Depths:1 | Reached skill level 5 in Spellcasting
 64254 | Hell     | Killed Geryon
 64328 | Hell     | Found a gateway to the decaying netherworld of Tartarus.
 64364 | Tar:1    | Entered Level 1 of Tartarus
 65214 | Tar:4    | Reached skill level 10 in Spellcasting
 65631 | Tar:5    | You fall into a shaft and drop 1 floor!
 65776 | Tar:7    | Entered Level 7 of Tartarus
 66111 | Tar:7    | Identified the +0 triple crossbow "Vomnyor" {flame, Str+2}
 66334 | Tar:7    | Noticed Ereshkigal
 66343 | Tar:7    | Killed Ereshkigal
 66345 | Tar:7    | Reached skill level 15 in Spellcasting
 66370 | Tar:7    | Identified the staff of Bright True Grit {rPois Earth}
 66372 | Tar:7    | Got a bone rune of Zot
 66509 | Hell     | Found a gateway to the ashen valley of Gehenna.
 66518 | Geh:1    | Entered Level 1 of Gehenna
 66954 | Geh:2    | You fall into a shaft and drop 2 floors!
 67061 | Geh:5    | HP: 2/193 [Brimstone Fiend/damnation (41)]
 67063 | Geh:5    | Killed from afar by a Brimstone Fiend
 67087 | Geh:6    | Noticed an ancient lich
 67100 | Geh:6    | Killed an ancient lich
 67292 | Geh:7    | Entered Level 7 of Gehenna
 67307 | Zig:1    | Entered Level 1 of a ziggurat
 67523 | Zig:2    | Entered Level 2 of a ziggurat
 67553 | Zig:2    | Identified the +0 scale mail "Fasm" {Fly rPois rF- Dex+4}
 67643 | Zig:3    | Entered Level 3 of a ziggurat
 67669 | Zig:4    | Entered Level 4 of a ziggurat
 67702 | Zig:4    | Identified the ring "Xaschehil" {rC++ rN++ Will- EV+5}
 67709 | Zig:5    | Entered Level 5 of a ziggurat
 67714 | Zig:5    | Found the +8 lance "Wyrmbane" {slay drac, rPois rF+ rC+
                  | AC+3}
 67762 | Zig:6    | Entered Level 6 of a ziggurat
 67864 | Zig:6    | Lost mutation: You have a somewhat thin skeletal structure.
                  | (Dex +2, Stealth+) [potion of mutation]
 67864 | Zig:6    | Lost mutation: You sometimes lose your temper in combat.
                  | [potion of mutation]
 67864 | Zig:6    | Lost mutation: You are vulnerable to heat. (rF-) [potion of
                  | mutation]
 67864 | Zig:6    | Gained mutation: Your natural rate of healing is unusually
                  | fast. [potion of mutation]
 67870 | Zig:7    | Entered Level 7 of a ziggurat
 67879 | Zig:7    | Paralysed by accursed screaming for 1 turns
 67889 | Zig:7    | Paralysed by accursed screaming for 2 turns
 67906 | Zig:7    | Paralysed by accursed screaming for 2 turns
 68001 | Zig:7    | Identified the ring of Spite {Fire rPois}
 68032 | Zig:8    | Entered Level 8 of a ziggurat
 68163 | Zig:9    | Entered Level 9 of a ziggurat
 68189 | Zig:9    | Noticed a dread lich
 68203 | Zig:9    | Killed a dread lich
 68413 | Geh:7    | Noticed a dread lich
 68473 | Geh:7    | Killed a dread lich
 68635 | Geh:7    | Lost mutation: You are very clumsy. (Dex -4) [potion of
                  | mutation]
 68635 | Geh:7    | Lost mutation: You are clumsy. (Dex -2) [potion of
                  | mutation]
 68635 | Geh:7    | Lost mutation: Your natural rate of healing is unusually
                  | fast. [potion of mutation]
 68635 | Geh:7    | Gained mutation: You have hidden genetic potential. [potion
                  | of mutation]
 68635 | Geh:7    | Gained mutation: You are frail. (-10% HP) [potion of
                  | mutation]
 69024 | Geh:7    | Found the +13 sceptre of Asmodeus
 69024 | Geh:7    | Noticed Asmodeus
 69043 | Geh:7    | Killed Asmodeus
 69059 | Geh:7    | Got an obsidian rune of Zot
 69357 | Hell     | Found a gateway to the freezing wastes of Cocytus.
 69383 | Coc:1    | Entered Level 1 of Cocytus
 69977 | Coc:2    | Paralysed by a wendigo for 1 turns
 70154 | Coc:3    | Paralysed by a wendigo for 1 turns
 70888 | Coc:7    | Entered Level 7 of Cocytus
 70890 | Coc:7    | Found the +7 lajatang of Order {silver, rMut}
 70905 | Coc:7    | Noticed the Serpent of Hell
 70926 | Coc:7    | Killed the Serpent of Hell
 70942 | Coc:7    | Paralysed by a wendigo for 1 turns
 70978 | Coc:7    | Noticed Antaeus
 71088 | Coc:7    | Paralysed by a wendigo for 1 turns
 71316 | Coc:7    | Identified the ring of Boqa {rPois Int+6}
 71346 | Coc:7    | Killed Antaeus
 71358 | Coc:7    | Gained mutation: You are partially covered in iridescent
                  | scales. (AC +2) [hidden potential]
 71470 | Coc:7    | Identified the ring of Iwep {rPois rC- Will- rCorr Stlth+}
 71479 | Coc:7    | Got an icy rune of Zot
 71642 | Hell     | Found a gateway to the Iron City of Dis.
 71651 | Dis:1    | Entered Level 1 of the Iron City of Dis
 72858 | Dis:4    | You fall into a shaft and drop 2 floors!
 73177 | Dis:7    | Entered Level 7 of the Iron City of Dis
 73389 | Dis:7    | Noticed a juggernaut
 73397 | Dis:7    | Killed a juggernaut
 73453 | Dis:7    | Noticed Dispater
 73482 | Dis:7    | Killed Dispater
 73535 | Dis:7    | Found the +7 great mace "Undeadhunter" {deathbane, rN+}
 73536 | Dis:7    | Got an iron rune of Zot
 73699 | Dis:7    | Noticed an ancient lich
 73702 | Dis:7    | Killed an ancient lich
 73855 | Zot:1    | Entered Level 1 of the Realm of Zot
 73914 | Zot:1    | Reached skill level 27 in Spellcasting
 73915 | Zot:1    | Reached skill level 1 in Air Magic
 73976 | Zot:1    | Reached skill level 5 in Air Magic
 74041 | Zot:1    | Gained mutation: Your spells are a little harder to cast,
                  | but a little more powerful. [hidden potential]
 74041 | Zot:1    | Lost mutation: You have hidden genetic potential. [hidden
                  | potential expressed]
 74088 | Zot:1    | Identified the +0 leather armour "Xehointa" {Drain rF+
                  | rCorr Stlth+}
 74295 | Zot:4    | Reached skill level 10 in Air Magic
 74557 | Zot:5    | Entered Level 5 of the Realm of Zot
 74610 | Zot:5    | Killed an ancient lich
 74713 | Zot:5    | Noticed an ancient lich
 74724 | Zot:5    | Noticed an orb of fire
 74726 | Zot:5    | Noticed an orb of fire
 74727 | Zot:5    | Noticed an orb of fire
 74731 | Zot:5    | Noticed an orb of fire
 74743 | Zot:5    | Gained mutation: Your body sometimes deteriorates upon
                  | taking damage. [an orb of fire]
 74747 | Zot:5    | Lost mutation: You are frail. (-10% HP) [an orb of fire]
 74750 | Zot:5    | Killed an orb of fire
 74763 | Zot:5    | Noticed an ancient lich
 74764 | Zot:5    | Killed an ancient lich
 74782 | Zot:5    | Killed an orb of fire
 74786 | Zot:5    | Noticed an ancient lich
 74793 | Zot:5    | Killed an ancient lich
 74804 | Zot:5    | Got the Orb of Zot
 74804 | Zot:5    | Gained mutation: You are frail. (-10% HP) [an orb of fire]
 74805 | Zot:5    | Gained mutation: Your magical capacity is low. (-10% MP)
                  | [an orb of fire]
 74805 | Zot:5    | Noticed an orb of fire
 74819 | Zot:5    | Killed a dread lich
 74962 | Zot:1    | Noticed Looteomp the pandemonium lord
 74972 | Zot:1    | Killed Looteomp the pandemonium lord
 74993 | Zot:1    | Noticed Uveefr Boog the pandemonium lord
 74999 | Zot:1    | Killed Uveefr Boog the pandemonium lord
 75258 | D:10     | Noticed Woxat the pandemonium lord
 75264 | D:10     | Killed Woxat the pandemonium lord
 75457 | D:4      | Reached skill level 15 in Air Magic
 75516 | D:$      | Escaped with the Orb!

Illustrated notes

Levels and vault maps discovered:
D:1:      kennysheep_arrival_seaside, layout_loops_ring, minmay_cut_off
D:2:      layout_loops_cross, grunt_ministairs_15, minmay_stone_trees_small,
          uniq_sigmund
D:3:      layout_basic, nicolae_dithmenos_shadow_blocks, portal_sewer_entry_f,
          corexii_leaking_fountain, nicolae_titane, uniq_pargi
D:4:      layout_cave_pools, mainiacjoe_overflow_concentric_impassable,
          lemuel_temple_firewalk_b, ebering_ghost_sewer_f, fountainhead
D:5:      layout_basic, minmay_misc_feat_five
D:6:      layout_loops_corners, chequers_temple_overflow_minitemple,
          serial_demonic, serial_demonic_b, serial_demonic_a, serial_demonic_d,
          serial_demonic_e, uniq_maggie, uniq_duvessa
D:7:      layout_basic, dk_noncrumbling_2, minmay_misc_feat_enclosed
D:8:      layout_rooms, due_lair_maze_entry_diamond,
          nicolae_concentric_dashed_squares_mild, uniq_grum
D:9:      layout_long_grid, amcnicky_altar_gilded, lemuel_crystal_altar,
          serial_shops, shop, serial_library_regret_index_split_case,
          nicolae_transporter_circle, uniq_pikel
D:10:     layout_roguey, nicolae_tso_carved_into_rock,
          mainiacjoe_overflow_alcove_1, enter_bailey_3, serial_shops, shop,
          nicolae_shop_overgrown_old_shop, shop, shop, uniq_joseph
D:11:     kennysheep_kobold_lugonu_temple, layout_irregular_city, david_orc_5,
          hangedman_tell_no_tales
D:12:     layout_gridville, uniq_rupert, uniq_gastronok
D:13:     layout_stronghold
D:14:     mludivico_vault, layout_loops_ring, hellmonk_vaults_keyhole,
          serial_shops, nicolae_diamond_shop
D:15:     grunt_enter_depths_giant_problem, layout_loops_corners,
          hangedman_decor_diamond_cutter, nrook_guardian_serpent_ordinary
Temple:   hellmonk_temple_of_storms
Lair:1:   layout_loops_ring, hangedman_lair_generics_rect, lemuel_fruit_fields,
          infiniplex_staircase_pool
Lair:2:   layout_chaotic_city, minmay_shoals_entry_hut, gauntlet_entry_generic,
          beast_lair_carwin_2, serial_bayou_shore_b, serial_bayou_shore_b,
          grunt_megastairs_3, lemuel_fruit_tree, uniq_urug, uniq_amaemon
Lair:3:   layout_cave_pods, alex1729_snake_entry_snake, evilmike_ambush
          [evilmike_ambush_outer_corners, evilmike_ambush_inner_basic],
          infiniplex_staircase_pool_2, uniq_snorg
Lair:4:   onia_ninara_swampy_vault, layout_regular_city, slime_entry_1,
          minivault_27, dreamdust_deal_with_the_devil, lemuel_fruit_fields
Lair:5:   gammafunk_lair_ancient_temple, layout_loops_ring
Shoals:1: layout_shoals, st_cyclops
Shoals:2: layout_shoals
Shoals:3: layout_shoals, uniq_polyphemus
Shoals:4: shoals_end_simple, layout_shoals,
          nicolae_shoals_lost_giant_amphitheater
Snake:1:  layout_honeycomb, serial_bayou_shore_b, uniq_aizul
Snake:2:  layout_gridlike, special_room, abandoned_shop
Snake:3:  layout_grid_shapes, serial_bayou_shore_a, uniq_nikola
Snake:4:  grunt_snake_rune_pools, layout_misc_corridors, nicolae_specific_store
Slime:1:  layout_caves, nicolae_slime_barrier
Slime:2:  layout_caves
Slime:3:  layout_caves, uniq_dissolution
Slime:4:  cheibrodos_slime_lost_civilization_8, layout_caves
Slime:5:  slime_pit_nicolae_block_by_block
Orc:1:    layout_caves, ebering_ghost_xom
Orc:2:    grunt_orc_gardens, layout_caves, grunt_orc_garden, grunt_orc_garden,
          grunt_orc_garden, grunt_orc_garden, basic_altar, uniq_azrael
Elf:1:    eino_elf_arrival_customs, layout_loops_cross, uniq_roxanne
Elf:2:    nicolae_elf_blades_crystal_corner, layout_geoelf_diagonals
Elf:3:    grunt_elf_hall_asides, layout_loops_cross, serial_shops,
          nicolae_shop_hallway_plus, nicolae_elf_vaults_five_recruitment_drive
Vaults:1: nicolae_vaults_hallways_thing, ontoclasm_vaults_bender, st_lattice,
          nicolae_vaults_windows_and_doors_thing, nicolae_vaults_asterisk,
          nicolae_vaults_house_1, vaults_mumra_hexcomb, vaults_room_corners,
          nicolae_vaults_trapezoid_lopsided_1, layout_vaults_omnigrid,
          serial_shops, shop_coins
Vaults:2: minmay_crypt_entry_necro_gods, v_misc_25,
          nicolae_vaults_sightless_eye, vaults_mumra_chevron,
          nicolae_vaults_mush_room, serial_ice_m, nicolae_vaults_tetromino_L_2,
          v_alt_pattern_4, nicolae_vaults_big_angled_halls, vaults_room_boxed,
          v_alt_pattern_1, grunt_vaults_diagonal, layout_vaults_maze_bifur
Vaults:3: nicolae_vaults_fighting_squares, vaults_dpeg_emergency_exit,
          vaults_room_corners, vaults_room_grunt_arrival_checkpoint,
          nicolae_vaults_doubleplus_tesselated, ontoclasm_vaults_shuriken,
          nicolae_vaults_diamond_2, v_alt_pattern_5,
          nicolae_vaults_little_squares_5, vaults_room_hallway,
          vaults_room_door_hall, nicolae_vaults_theta, vaults_room_large_hall,
          nicolae_vaults_angled_halls, nicolae_vaults_storage_closets_2,
          v_misc_25, nicolae_vaults_little_squares_3,
          nicolae_vaults_tetromino_Z_1, layout_vaults_omnibox, serial_shops,
          nicolae_shop_real_fake_doors, nicolae_shop_bloodbath_and_beyond,
          nicolae_shop_window_shopping, shop, shop_statue
Vaults:4: nicolae_vaults_trapezoid_1, nicolae_vaults_closet_pinwheel_2,
          v_alt_pattern_2, nicolae_vaults_little_ls, v_misc_17, v_misc_16,
          nicolae_vaults_steering_wheel, v_misc_25, ontoclasm_vaults_gateway,
          nicolae_vaults_double_plus_1, vaults_standard_mumra_enter_the_diamond,
          layout_vaults_big_room
Vaults:5: serial_shops
Crypt:1:  layout_misc_corridors, grunt_crypt_arrival_webbed, grunt_megastairs_2
Crypt:2:  layout_gridlike, fountainhead, hex_large, st_chilly_death,
          lemuel_elevator, lemuel_upstairs_altar
Crypt:3:  church_of_pain_bobbens, layout_chaotic_city, hex_tiny, uniq_khufu,
          uniq_boris, uniq_josephina
Tomb:1
Tomb:2
Tomb:3
Depths:1: layout_roguey, chequers_serial_rivers_micro_d,
          grunt_hell_entry_dis_grunt, rand_demon_pan_entry_3, abyss_entry,
          onia_ninara_cookie, kennysheep_random_hallway
Depths:2: minmay_isolated_rectangles_in_corner, layout_honeycomb,
          hangedman_decor_slide_cut, grunt_mini_vestibule,
          rand_demon_pan_entry_8
Depths:3: tekkud_shrikecote, layout_cave_pools, minmay_crystal_room,
          pf_dread_powers_of_hell, grunt_pan_entry_sceptre, abyss_entry,
          minmay_shop_grove, minmay_staircase_windowed_small, uniq_norris
Depths:4: grunt_zot_entry_funnels, layout_long_grid, enter_ziggurat_c,
          mu_enter_wizlab_4, pf_hell_entry_tar_river
Hell
Dis:1:    layout_gridville
Dis:2:    lightli_tower_of_babel
Dis:3:    layout_regular_city, nicolae_hells_fiendish_ambush
Dis:4:    layout_gridville, nicolae_dis_emergency_hatch
Dis:6:    layout_subdivisions
Dis:7:    dis_grunt_layers
Geh:1:    layout_gehenna_pools_box
Geh:2:    layout_gehenna_lava_caves
Geh:4:    layout_gehenna_pools_basic, minmay_fire_ice_demons
Geh:5:    layout_gehenna_lava_caves
Geh:6:    layout_gehenna_pools_box, special_room [special_room_morgue]
Geh:7:    geh_old
Coc:1:    layout_cocytus_water_paths
Coc:2:    layout_cocytus_delve
Coc:3:    layout_ice_bergs
Coc:4:    layout_cocytus_water_paths
Coc:5:    layout_ice_bergs
Coc:6:    layout_cocytus_water_paths
Coc:7:    coc_hangedman
Tar:1:    layout_cathedral_of_symmetry, nicolae_tar_cuneiform_not
Tar:2:    layout_grid_maze
Tar:3:    layout_catacombs, nicolae_hells_hurtin_island
Tar:4:    layout_honeycomb, grunt_tartarus_stairs_gauntlet_trap
Tar:5:    layout_cathedral_of_symmetry
Tar:6:    layout_honeycomb
Tar:7:    tar_minmay_river
Zot:1:    grunt_twist_and_shout, layout_concentric_octagons,
          regret_index_zotdec_iron_s, uniq_grunn, uniq_tiamat
Zot:2:    layout_misc_corridors, regret_index_zotdec_icy_dp
Zot:3:    hellmonk_crystal_mountain, layout_onion_interference, basic_altar,
          regret_index_zotdec_serpentine_coiled,
          hangedman_zot_decor_checkerboard
Zot:4:    gammafunk_dig_for_victory, layout_concentric_octagons,
          lemuel_baited_zot_trap, grunt_ministairs_14
Zot:5:    layout_gridlike, drop_trap

Skill      XL: |  1  2  3  4  5  6  7  8  9 10 11 12 13 14 15 16 17 18 19 20 21 22 23 24 25 26 27 |
---------------+----------------------------------------------------------------------------------+-----
Stealth        | 1 2 4 5 9 10 12 27 | 27.0
Fighting       | 2 3 4 5 7 9 10 13 15 18 19 20 22 27 | 27.0
Unarmed Combat | 4 5 7 9 10 14 18 22 24 26 27 | 27.0
Dodging        | 3 4 8 14 20 23 25 27 | 27.0
Summonings     | 1 2 |  2.0
Shapeshifting  | 4 9 10 11 16 17 19 21 22 23 27 | 27.0
Spellcasting   | 27 | 27.0
Air Magic      | 15 | 15.0

Action                     |  1- 3 |  4- 6 |  7- 9 | 10-12 | 13-15 | 16-18 | 19-21 | 22-24 | 25-27 || total
---------------------------+-------+-------+-------+-------+-------+-------+-------+-------+-------++-------
  Melee: Unarmed           |    56 |    96 |   228 |   598 |  1251 |  1162 |  1421 |   744 |  5262 || 10818
         Bite              |     2 |    10 |    16 |    81 |   237 |   182 |   275 |   123 |   916 ||  1842
         Headbutt          |       |     3 |    55 |   165 |   373 |    63 |   465 |   232 |    70 ||  1426
         Punch             |       |     1 |    18 |    42 |   131 |    91 |   172 |   127 |  1263 ||  1845
         Maw               |       |       |       |   237 |   581 |       |       |       |       ||   818
         Tailslap          |       |       |       |       |    12 |   184 |       |       |       ||   196
   Cast: Summon Small Mamm |       |       |     3 |       |       |       |       |       |       ||     3
 Invoke: Call Merchant     |       |       |       |     3 |     3 |       |     2 |       |     5 ||    13
         Potion Petition   |       |       |       |       |       |     7 |     4 |       |    16 ||    27
         Bribe Branch      |       |       |       |       |       |       |       |       |     4 ||     4
Ability: Breathe Fire      |       |       |       |       |     3 |    42 |       |       |       ||    45
  Evoke: Wand              |       |     3 |    19 |    17 |    33 |     2 |       |     2 |    17 ||    93
         Lightning rod     |       |       |       |       |    15 |     7 |     2 |     1 |    10 ||    35
         Sack of spiders   |       |       |       |       |     4 |     1 |       |     1 |       ||     6
         Phantom mirror    |       |       |       |       |     4 |     3 |       |     1 |     3 ||    11
         Tin of tremorston |       |       |       |       |       |       |     2 |     1 |     3 ||     6
         Figurine of a zig |       |       |       |       |       |       |       |       |     1 ||     1
    Use: Scroll            |     2 |     1 |     5 |    19 |    13 |    14 |    10 |     7 |    56 ||   127
         Potion            |     1 |     7 |     3 |    12 |     9 |    18 |     2 |     3 |    50 ||   105
   Stab: Sleeping          |     2 |     6 |     6 |     8 |    34 |    21 |    29 |    11 |    63 ||   180
         Paralysed         |       |     2 |     6 |     2 |       |       |       |       |       ||    10
         Distracted        |       |       |     1 |     9 |    13 |    20 |    22 |    12 |   168 ||   245
         Invisible         |       |       |       |     2 |       |     1 |     1 |       |    18 ||    22
         Confused          |       |       |       |       |       |       |       |       |     3 ||     3
 Armour: Skin              |    17 |    31 |    81 |   141 |   251 |   516 |   640 |   380 |  1681 ||  3738
  Dodge: Dodged            |    23 |    80 |   194 |   539 |  1631 |  1351 |  2424 |  1646 |  9372 || 17260
  Block: Other             |       |       |       |       |       |       |       |       |  1145 ||  1145
         Reflection        |       |       |       |       |       |       |       |       |    11 ||    11
   Form: Maw               |       |       |       |     1 |       |       |       |       |       ||     1
         Dragon            |       |       |       |       |     2 |       |       |       |       ||     2
         Statue            |       |       |       |       |       |     1 |       |       |       ||     1

Table legend: (Time is in decaauts)
 A = Elapsed time spent in this place.
 B = Non-inter-level travel time spent in this place.
 C = Inter-level travel time spent in this place.
 D = Time resting spent in this place.
 E = Time spent auto-exploring this place.
 F = Levels seen in this place.
 G = Mean time per level.
                   A        B        C        D        E       F      G
               +--------+--------+--------+--------+--------+-----+--------+
         Total |  88291 |  76128 |  12163 |   8773 |  41359 | 128 |  689.8 |
       Dungeon |  14450 |  11091 |   3359 |    857 |   7321 |  15 |  963.3 |
        Temple |     18 |      2 |     16 |      0 |      0 |   1 |   18.0 |
          Lair |   5972 |   4625 |   1347 |    208 |   2151 |   5 | 1194.4 |
        Shoals |   3385 |   2423 |    962 |    474 |    942 |   4 |  846.2 |
     Snake Pit |   4463 |   4208 |    255 |    358 |   2703 |   4 | 1115.8 |
    Slime Pits |   1340 |    988 |    352 |      0 |    630 |   5 |  268.0 |
  Orcish Mines |   1908 |   1623 |    285 |    261 |    662 |   2 |  954.0 |
   Elven Halls |   3270 |   3005 |    265 |    105 |   2088 |   3 | 1090.0 |
        Vaults |  10035 |   9419 |    616 |    186 |   6839 |   5 | 2007.0 |
         Crypt |   4547 |   4200 |    347 |    104 |   3168 |   3 | 1515.7 |
          Tomb |   4316 |   3551 |    765 |    603 |   2046 |   3 | 1438.7 |
        Depths |   7659 |   6835 |    824 |   1087 |   3958 |   4 | 1914.8 |
          Hell |   1315 |   1112 |    203 |    747 |    156 |   1 | 1315.0 |
           Dis |   2476 |   2046 |    430 |   1016 |    372 |   6 |  412.7 |
       Gehenna |   2360 |   1860 |    500 |    177 |    974 |   6 |  393.3 |
       Cocytus |   2528 |   2059 |    469 |    640 |    586 |   7 |  361.1 |
      Tartarus |   2919 |   2258 |    661 |    337 |   1206 |   7 |  417.0 |
           Zot |   1519 |   1019 |    500 |      0 |    318 |   5 |  303.8 |
         Abyss |   1938 |   1938 |      0 |    252 |    379 |   6 |  323.0 |
   Pandemonium |   8550 |   8550 |      0 |    852 |   3503 |  15 |  570.0 |
      Ziggurat |   2475 |   2475 |      0 |    492 |   1094 |  19 |  130.3 |
        Bailey |    508 |    508 |      0 |      0 |    119 |   1 |  508.0 |
      Gauntlet |    331 |    331 |      0 |     10 |    136 |   1 |  331.0 |
               +--------+--------+--------+--------+--------+-----+--------+

Top non-repeatable levels by time:
Depths:1: 3018 daAuts
Vaults:5: 2425 daAuts
Vaults:1: 2315 daAuts
  Tomb:1: 2297 daAuts
 Crypt:3: 2142 daAuts
Vaults:3: 2124 daAuts
Depths:2: 1691 daAuts
Depths:3: 1636 daAuts
 Snake:4: 1611 daAuts
Vaults:2: 1608 daAuts
Vaults:4: 1562 daAuts
    D:14: 1517 daAuts
   Elf:3: 1483 daAuts
  Lair:2: 1316 daAuts
    Hell: 1315 daAuts
